 Dungeon Crawl Stone Soup version 0.30-a0-743-gbfdf073431 (webtiles) character file.

Game seed: 10632011585366393687

902769 scionoferis the Acrobat (level 27, 0/246 HPs)
             Began as a Demigod Hexslinger on Feb 5, 2023.
             Killed from afar by a deep elf sorcerer (30 damage)
             ... with damnation
             ... summoned by a demonspawn corrupter
             ... in Pandemonium on Feb 7, 2023.
             The game lasted 08:48:45 (106689 turns).

scionoferis the Acrobat (Demigod Hexslinger)      Turns: 106689, Time: 08:48:46

Health: 0/246      AC: 20    Str: 15    XL:     27
Magic:  0/55       EV: 55    Int: 23    God:
Gold:   9560       SH: 13    Dex: 48    Spells: 21/59 levels left

rFire   + . .      SeeInvis .    a - +9 demon blade (heavy)
rCold   + . .      Faith    .    s - +3 buckler "Ziwn" {+Inv Str+4 Slay+3}
rNeg    + + +      Spirit   +    e - +4 moon troll leather armour {Spirit, Regen++ MP+5}
rPois   ∞          Reflect  .    m - +2 hat
rElec   +          Harm     .    U - +2 cloak {Will+}
rCorr   .          Rampage  +    q - +2 pair of gloves
Will    +++++                    X - +2 pair of boots {rampage}
Stlth   ++++++++                 L - amulet of Vitality {RegenMP++ Regen++}
HPRegen 3.81/turn                u - ring "Koow" {Wiz rPois rF+}
MPRegen 1.14/turn                y - +6 ring of dexterity

@: lich-form, weakened, corroded, studying 3 skills
A: draining attack, torment immunity, no potions, high MP 1, forlorn, divine
attributes, antennae 1, strong-willed 1, electricity resistance
}: 7/15 runes: barnacled, slimy, silver, abyssal, demonic, dark, gossamer
a: End Transformation, Evoke Invisibility


You were in Pandemonium.
You were an undead lich.
You visited 13 branches of the dungeon, and saw 57 of its levels.
You visited Pandemonium 2 times, and saw 6 of its levels.
You visited the Abyss 1 time.
You visited 1 ziggurat, and saw 16 of its levels.
You also visited: Trove, Ossuary and Desolation.

You collected 11142 gold pieces.
You spent 1582 gold pieces at shops.


Innate Abilities, Weirdness & Mutations

You are an undead lich.
Your unarmed attacks are suffused with negative energy.
You are immune to unholy pain and torment.
Your necromantic spells are more powerful.
You cannot drink.
You are immune to poison.
You have an increased reservoir of magic. (+10% MP)
You shall have no god before yourself.
Your divine heritage dramatically boosts your attributes as you level up.
You have a pair of small antennae on your head.
You are strong-willed. (Will+)
You are resistant to electric shocks. (rElec)


   Skills:
 - Level 20.0 Fighting
 - Level 20.0 Long Blades
 * Level 10.8 Ranged Weapons
 - Level 11.0 Armour
 - Level 24.0 Dodging
 - Level 15.0 Stealth
 - Level 5.0 Shields
 + Level 16.7 Spellcasting
 - Level 2.6 Hexes
 - Level 21.0 Necromancy
 - Level 10.0 Translocations
 - Level 21.0 Transmutations
 - Level 15.0 Evocations


You had 21 spell levels left.
You knew the following spells:

 Your Spells              Type           Power      Damage    Failure   Level
b - Wereblood             Tmut           86%        N/A       0%          2
c - Apportation           Tloc           100%       N/A       1%          1
d - Blink                 Tloc           100%       N/A       1%          2
e - Manifold Assault      Tloc           60%        N/A       1%          4
f - Animate Dead          Necr           100%       N/A       0%          4
g - Death Channel         Necr           54%        N/A       1%          6
h - Necromutation         Tmut/Necr      54%        N/A       1%          8
i - Passwall              Tmut/Erth      50%        N/A       1%          2
j - Passage of Golubria   Tloc           60%        N/A       1%          4
k - Irradiate             Conj/Tmut      30%        3d21      1%          5

Your spell library contained the following spells:

 Spells                   Type           Power      Damage    Failure   Level
 Beastly Appendage        Tmut           100%       N/A       0%          1
 Necrotise                Necr           100%       1d9       0%          1
 Sublimation of Blood     Necr           100%       N/A       0%          2
 Vampiric Draining        Necr           100%       2d13      0%          3
 Dispel Undead            Necr           100%       3d31      0%          4
 Agony                    Necr           100%       N/A       0%          5
 Freeze                   Ice            76%        1d8       1%          1
 Kiss of Death            Conj/Necr      100%       2d13      1%          1
 Magic Dart               Conj           76%        1d6       1%          1
 Sandblast                Erth           38%        2d10      1%          1
 Shock                    Conj/Air       76%        1d7       1%          1
 Slow                     Hex            100%       N/A       1%          1
 Summon Small Mammal      Summ           76%        N/A       1%          1
 Cigotuvi's Dreadful Rot  Necr/Pois/Air  100%       N/A       1%          2
 Momentum Strike          Conj/Tloc      84%        3d10      1%          2
 Confusing Touch          Hex            31%        N/A       1%          3
 Gell's Gravitas          Tloc           60%        N/A       1%          3
 Ignite Poison            Fire/Tmut/Pois 51%        N/A       1%          3
 Kindle Blastsparks       Fire/Tloc/Air  68%        2d15      1%          3
 Portal Projectile        Hex/Tloc       96%        N/A       1%          3
 Teleport Other           Tloc           60%        N/A       1%          3
 Tukima's Dance           Hex            31%        N/A       1%          3
 Ice Form                 Ice/Tmut       61%        N/A       1%          4
 Petrify                  Tmut/Erth      61%        N/A       1%          4
 Alistair's Intoxication  Tmut/Pois      40%        N/A       1%          5
 Borgnjor's Vile Clutch   Necr/Erth      39%        N/A       1%          5
 Yara's Violent Unravell  Hex/Tmut       32%        3d13      1%          5
 Dragon Form              Tmut           43%        N/A       1%          7
 Borgnjor's Revivificati  Necr           54%        N/A       1%          8
 Infestation              Necr           54%        N/A       1%          8
 Call Imp                 Summ           19%        N/A       2%          2
 Poisonous Vapours        Pois/Air       38%        N/A       2%          2
 Scorch                   Fire           38%        2d6       2%          2
 Iskenderun's Mystic Bla  Conj/Tloc      42%        2d10      2%          4
 Dazzling Flash           Conj/Hex       50%        N/A       3%          3
 Inner Flame              Hex/Fire       25%        N/A       3%          3
 Summon Guardian Golem    Hex/Summ       25%        N/A       3%          3
 Eringya's Noxious Bog    Tmut/Pois      30%        N/A       3%          6
 Simulacrum               Ice/Necr       39%        N/A       3%          6
 Statue Form              Tmut/Erth      40%        N/A       3%          6
 Dispersal                Tloc           30%        N/A       4%          6
 Call Canine Familiar     Summ           19%        N/A       5%          3
 Frozen Ramparts          Ice            38%        1d6       5%          3
 Hailstorm                Conj/Ice       19%        3d6       5%          3
 Mephitic Cloud           Conj/Pois/Air  19%        N/A       5%          3
 Stone Arrow              Conj/Erth      38%        3d9       5%          3
 Swiftness                Air            19%        N/A       5%          3
 Cause Fear               Hex            15%        N/A       6%          4
 Summon Forest            Summ/Tloc      21%        N/A       6%          5
 Fulminant Prism          Conj/Hex       12%        3d8       10%         4
 Leda's Liquefaction      Hex/Erth       12%        N/A       10%         4
 Airstrike                Air            9%         2d(2-18)  16%         4
 Animate Armour           Summ/Erth      38%        N/A       16%         4
 Flame Wave               Conj/Fire      19%        2d7       16%         4
 Sticky Flame             Conj/Fire      19%        2d4       16%         4
 Summon Ice Beast         Ice/Summ       19%        N/A       16%         4
 Summon Lightning Spire   Summ/Air       19%        N/A       16%         4
 Storm Form               Tmut/Air       30%        N/A       19%         7
 Metabolic Englaciation   Hex/Ice        12%        N/A       26%         5
 Silence                  Hex/Air        12%        N/A       26%         5
 Summon Mana Viper        Hex/Summ       25%        N/A       26%         5
 Death's Door             Necr           54%        N/A       30%         9
 Fireball                 Conj/Fire      9%         3d6       41%         5
 Iskenderun's Battlesphe  Conj           19%        2d7       41%         5
 Lee's Rapid Deconstruct  Erth           9%         3d7*      41%         5
 Malign Gateway           Summ/Tloc      21%        N/A       86%         7
 Disjunction              Tloc           30%        N/A       86%         8
 Conjure Ball Lightning   Conj/Air       9%         3x3d6     92%         6
 Iron Shot                Conj/Erth      9%         9d3       92%         6
 Starburst                Conj/Fire      9%         6d5       92%         6
 Summon Cactus Giant      Summ           9%         N/A       92%         6
 Orb of Destruction       Conj           9%         9d6       100%        7
 Summon Hydra             Summ           9%         N/A       100%        7
 Discord                  Hex            15%        N/A       100%        8
 Ignition                 Fire           9%         3d5       100%        8
 Lehudib's Crystal Spear  Conj/Erth      9%         10d4      100%        8
 Maxwell's Capacitive Co  Air            9%         ∞         100%        8
 Summon Horrible Things   Summ           9%         N/A       100%        8
 Chain Lightning          Conj/Air       9%         3d12      100%        9
 Dragon's Call            Summ           9%         N/A       100%        9
 Fire Storm               Conj/Fire      9%         8d3       100%        9
 Polar Vortex             Ice            9%         N/A       100%        9
 Shatter                  Erth           9%         3d11*     100%        9

Inventory:

Hand Weapons
 a - a +9 heavy demon blade (weapon)
   (You took it off a yaktaur on level 5 of the Vaults)
 b - a +8 hand crossbow of flaming
   (You took it off a yaktaur captain on level 3 of the Vaults)
 d - the +7 Spriggan's Knife {stab, EV+4 Stlth+}
   (You found it on level 16 of a ziggurat)

   Stab:      It is more effective when stabbing unaware enemies, sometimes
   treating them as though they were completely helpless.
   EV:        It affects your evasion (+4).
   Stlth:     It makes you more stealthy.
 j - a +0 antimagic demon blade
   (You took it off a demonspawn warmonger in Pandemonium)
Missiles
 n - 3 throwing nets
 D - 19 curare-tipped darts (quivered)
Armour
 e - the +4 moon troll leather armour (worn) {Spirit, Regen++ MP+5}
   (You found it on level 5 of the Pits of Slime)

   MP:        It affects your magic capacity (+5).
   Regen:     It increases your rate of health regeneration.
 m - a +2 hat (worn)
   (You found it on level 9 of the Dungeon)
 q - a +2 pair of gloves (worn)
   (You found it on level 5 of the Lair of Beasts)
 s - the +3 buckler "Ziwn" (worn) {+Inv Str+4 Slay+3}
   (You found it on level 2 of the Lair of Beasts)

   Str:       It affects your strength (+4).
   Slay:      It affects your accuracy & damage with ranged weapons and melee
   (+3).
   +Inv:      It lets you turn invisible.
 U - a +2 cloak of willpower (worn)
   (You found it on level 14 of a ziggurat)
 X - a +2 pair of boots of rampaging (worn)
   (You bought it in a shop on level 2 of the Orcish Mines)
Jewellery
 l - a ring of flight
   (You found it on level 5 of the Pits of Slime)
 r - the ring of the Bedazzling Gods {+Blink rElec rPois rN+ Stlth+}
   (You found it in the Desolation of Salt)

   [ring of poison resistance]

   rElec:     It insulates you from electricity.
   rPois:     It protects you from poison.
   rN:        It protects you from negative energy.
   +Blink:    It lets you blink.
   Stlth:     It makes you more stealthy.
 u - the ring "Koow" (left hand) {Wiz rPois rF+}
   (You found it in a treasure trove)

   [ring of wizardry]

   It improves your spell success rate.
   rF:        It protects you from fire.
   rPois:     It protects you from poison.
 y - a +6 ring of dexterity (right hand)
   (You found it on level 5 of the Dungeon)
 K - the ring "Qoffual" {rElec rF+}
   (You found it in a treasure trove)

   [ring of protection from fire]

   rF:        It protects you from fire.
   rElec:     It insulates you from electricity.
 L - the amulet of Vitality (around neck) {RegenMP++ Regen++}
   (You found it on level 5 of the Pits of Slime)

   [amulet of magic regeneration]

   It increases your rate of magic regeneration.
   Regen:     It increases your rate of health regeneration.
 O - a ring of see invisible
   (You found it on level 2 of the Lair of Beasts)
Wands
 z - a wand of quicksilver (23)
   (You found it on level 11 of the Dungeon)
 F - a wand of digging (40)
   (You took it off Fannar on level 2 of the Lair of Beasts)
 J - a wand of roots (62)
   (You found it on level 8 of the Dungeon)
 P - a wand of mindburst (34)
   (You took it off Erolcha on level 10 of the Dungeon)
Scrolls
 o - 10 scrolls of magic mapping
 p - 16 scrolls of fog
 A - 4 scrolls of silence
 B - 5 scrolls of summoning
 C - 5 scrolls of poison
 E - 28 scrolls of teleportation
 Z - 4 scrolls of blinking
Potions
 c - 7 potions of cancellation
 f - 5 potions of invisibility
 i - 4 potions of haste
 t - 11 potions of might
 v - 4 potions of heal wounds
 w - 9 potions of resistance
 x - 10 potions of flight
 G - 11 potions of brilliance
 H - 17 potions of curing
 Q - 5 potions of ambrosia
 S - 7 potions of mutation
Miscellaneous
 g - a condenser vane
   (You found it on level 5 of the Vaults)
 h - the horn of Geryon
   (You took it off Geryon in the Vestibule of Hell)
 I - a lightning rod (4/4)
   (You found it on level 3 of the Elven Halls)
 M - a phantom mirror
   (You found it in the Desolation of Salt)
 V - a box of beasts
   (You found it on level 4 of the Shoals)
 Y - a phial of floods
   (You found it on level 5 of the Lair of Beasts)

Dungeon Overview and Level Annotations

Branches:
Dungeon (15/15)            Temple (0/1) D:7            Lair (5/5) D:10
 Shoals (4/4) Lair:3       Spider (4/4) Lair:3        Slime (5/5) Lair:4
    Orc (2/2) D:11            Elf (3/3) Orc:2        Vaults (5/5) D:13
  Crypt (3/3) Vaults:2       Tomb (1/3) Crypt:3      Depths (4/4) D:15
   Hell (visited)             Dis (0/7) Hell            Geh (0/7) Hell
    Coc (0/7) Hell            Tar (0/7) Hell            Zot (5/5) Depths:4
Ossuary (visited)         Desolation (visited)

Shops:
D:9 *   D:10 *   Orc:2 (*(*[   Elf:1 *   Shoals:3 [   Vaults:2 (   Vaults:4 !
Depths:3 (

Portals:
Hell: Depths:1 Depths:2 Depths:3 Depths:4
Abyss: Depths:1 Depths:2 Depths:3
Pandemonium: Depths:2

Annotations:
Zot:5 1 exclusion #X.X6XJe.$.# #.XXHwwJe..+

#.XH.6X62..# .
#.XX6He§...# ..
#.XXXe.§...######...
#...............^...
#....#.............#
#...................
#..........[L.......
#...................
###############


You could see a demonspawn blood saint (black mark), a demonspawn corrupter
(fast, strong, black mark), a sphinx (summoned), a tentacled starspawn
(summoned), 2 deep elf sorcerers, a very large slime creature (summoned), a
shadow demon (strong, agile), a deep elf high priest (summoned) and 2 starspawn
tentacles.


Message History

Yoink!
You pull the item towards yourself.
J - a wand of roots (59) (gained 5 charges)
Found 27 gold pieces.
Your transformation is almost over.
Casting: Apportation (safe; 1% risk of failure)
Confirm with . or Enter, or press ? or * to list all spells.
You feel a surge of power!
You extend your transformation's duration.
A ynoxinul comes into view.
A ynoxinul comes into view.
The ynoxinul gestures.
The sentinel's mark upon you fades away.
The ufetubus attacks as you move away! The ufetubus completely misses you.
You block the ufetubus's attack.
The ynoxinul gestures.
You block the ufetubus's attack. The ufetubus completely misses you. x2
You block the ufetubus's attack. The ufetubus attacks as you move away!
The ufetubus completely misses you. x2
The ufetubus attacks as you move away! You block the ufetubus's attack.
The ufetubus completely misses you. x2; You block the ufetubus's attack.
The ufetubus completely misses you. You block the ufetubus's attack.
The ufetubus attacks as you move away! The ufetubus completely misses you. x5
You block the ufetubus's attack. The ufetubus attacks as you move away!
The ufetubus completely misses you.
You block the ufetubus's attack. x2; The ufetubus closely misses you.
You block the ufetubus's attack. The ufetubus completely misses you.
The ufetubus attacks as you move away! The ufetubus completely misses you. x2
You miss the ufetubus.
The ufetubus hits you but does no damage.
The ufetubus completely misses you. You block the ufetubus's attack.
The ufetubus completely misses you.
The ynoxinul gestures.
You block the ufetubus's attack. The ufetubus completely misses you. x3
You miss the ufetubus. The ufetubus completely misses you. x4
You block the ufetubus's attack. x2
You barely miss the ufetubus. You block the ufetubus's attack. x2
The ynoxinul gestures.
The ufetubus closely misses you. The ufetubus completely misses you.
You block the ufetubus's attack.
The ufetubus hits you but does no damage.
You block the ufetubus's attack. The ufetubus completely misses you.
You open the ufetubus like a pillowcase!!!
You kill the ufetubus!
The ufetubus disappears in a puff of smoke!
The ufetubus completely misses you. You block the ufetubus's attack.
The ufetubus completely misses you. The ufetubus barely misses you.
The ufetubus completely misses you. You block the ufetubus's attack.
You rampage towards the ufetubus!
You slice the ufetubus like a ripe choko!!!
You kill the ufetubus!
The ufetubus disappears in a puff of smoke!
You block the ufetubus's attack. x2; The ufetubus completely misses you. x2
You slice the ufetubus!!
You kill the ufetubus!
The ufetubus disappears in a puff of smoke!
You block the ufetubus's attack. The ufetubus completely misses you. x2
The ufetubus closely misses you. The ufetubus misses you.
The ufetubus completely misses you. x3; You block the ufetubus's attack. x2
You carve the ufetubus like a ham!!!
You kill the ufetubus!
The ufetubus disappears in a puff of smoke!
You block the ufetubus's attack. x3; The ufetubus completely misses you.
The ynoxinul gestures at you. The iron shot misses you.
The ufetubus completely misses you. x2
The ufetubus misses you. The ufetubus completely misses you.
You rampage towards the ynoxinul!
You carve the ynoxinul like a ham!!!
You kill the ynoxinul!
The ufetubus disappears in a puff of smoke! x3
The ynoxinul gestures at you. The iron shot misses you.
The ynoxinul gestures at you. The iron shot misses you.
You chop the ynoxinul into pieces!!!!
You kill the ynoxinul!
A reaper comes into view.
It is wielding a +1 scythe of protection.
Rut Gagu comes into view. It is armed with an antimagic touch.
Press: ? - help, v - describe, . - travel
Here: Rut Gagu, armed with an antimagic touch The floor.
Casting: Necromutation (mildly dangerous; 2% risk of failure)
Confirm with . or Enter, or press ? or * to list all spells.
You feel a surge of power!
You extend your transformation's duration.
The reaper hits you from afar with a +1 scythe of protection!!
The reaper completely misses you.
You slice the reaper!!
The reaper is moderately wounded.
The reaper completely misses you.
You slice the reaper!!
The reaper is almost dead.
Rut Gagu completely misses you. The reaper completely misses you.
You cut the reaper into ribbons!!!!
You kill the reaper!
Rut Gagu misses you. You block Rut Gagu's attack.
The horn of Geryon has recharged.
You slice Rut Gagu!!
Rut Gagu is lightly wounded.
Rut Gagu completely misses you.
You slash Rut Gagu!
Rut Gagu is lightly wounded.
Rut Gagu hits you but does no damage. The sun demon completely misses you.
You block Rut Gagu's attack.
You hit Rut Gagu.
Rut Gagu is lightly wounded.
Rut Gagu sneers, "Repent, thou tasty dinner!"
You block Rut Gagu's attack. The sun demon completely misses you.
You slice Rut Gagu!!
Rut Gagu is moderately wounded.
Rut Gagu hits you!
You feel your power leaking away. The sun demon completely misses you.
You block Rut Gagu's attack.
You slash Rut Gagu!
Rut Gagu is moderately wounded.
The sun demon completely misses you. Rut Gagu hits you but does no damage.
You open Rut Gagu like a pillowcase!!!!
Rut Gagu is heavily wounded.
Rut Gagu completely misses you. You block the sun demon's attack.
You slash Rut Gagu!
Rut Gagu is heavily wounded.
Rut Gagu sneers, "Thy heart shall be my refection!"
Rut Gagu hits you!!
You feel your power leaking away. The sun demon hits you!
You are engulfed in flames!
You resist. Rut Gagu completely misses you.
You slice Rut Gagu!!
Rut Gagu is heavily wounded.
Rut Gagu completely misses you. The sun demon hits you.
You are engulfed in flames!
You resist.
A shadow demon comes into view.
You block Rut Gagu's attack. You block the sun demon's attack.
You hit Rut Gagu.
Rut Gagu is heavily wounded.
You block Rut Gagu's attack. You block the sun demon's attack.
You slice Rut Gagu!!
Rut Gagu is severely wounded.
Rut Gagu closely misses you. The sun demon completely misses you.
Rut Gagu completely misses you.
A sun demon comes into view.
You slash Rut Gagu!
Rut Gagu is severely wounded.
Rut Gagu hits you but does no damage. The sun demon completely misses you.
You cut Rut Gagu into ribbons!!!
Rut Gagu is almost dead.
You block Rut Gagu's attack. You block the sun demon's attack.
The shadow demon gestures.
Rut Gagu hits you but does no damage.
You hit the shadow demon.
The shadow demon is lightly wounded.
The sun demon completely misses you. You block Rut Gagu's attack.
You block the shadow demon's attack.
The Executioner gestures.
The Executioner seems to speed up.
You slice the shadow demon like a ripe choko!!!
You kill the shadow demon!
The ice devil dissolves into shadows!
The Executioner dissolves into shadows!
The hell beast dissolves into shadows!
Rut Gagu completely misses you. The sun demon completely misses you.
Rut Gagu hits you!!
You feel your power leaking away.
You hit Rut Gagu.
Rut Gagu is almost dead.
You block the sun demon's attack.
Rut Gagu sneers, "Thy heart shall be my repast!"
Rut Gagu hits you!!
You feel your power leaking away. You block the sun demon's attack.
You barely miss Rut Gagu.
Rut Gagu is almost dead.
You block Rut Gagu's attack.
A ynoxinul comes into view.
The sun demon barely misses you. Rut Gagu hits you but does no damage.
You slice Rut Gagu!!
Rut Gagu is almost dead.
The ynoxinul gestures.
You block the sun demon's attack. You block Rut Gagu's attack.
The sun demon completely misses you.
You hit Rut Gagu.
Rut Gagu is almost dead.
Rut Gagu completely misses you. You block the sun demon's attack.
The sun demon completely misses you. Rut Gagu completely misses you.
You slice Rut Gagu like a ripe choko!!!!
You kill Rut Gagu!
You block the sun demon's attack. The sun demon completely misses you.
Training target 21.0 for Transmutations reached!
Your Transmutations skill increases to level 21!
You open the sun demon like a pillowcase!!!
The sun demon is almost dead.
You hear a screech!
You block the ufetubus's attack. x2; The sun demon completely misses you.
The sun demon hits you.
You are engulfed in flames!
You resist. The ufetubus completely misses you.
The ufetubus hits you but does no damage.
The sun demon completely misses you.
You carve the ynoxinul like a ham!!!!
You kill the ynoxinul!
The ufetubus disappears in a puff of smoke! x2
You block the sun demon's attack. The sun demon completely misses you.
You slash the sun demon!
You kill the sun demon!
The sun demon completely misses you.
You carve the sun demon like a ham!!!
The sun demon is almost dead.
You block the sun demon's attack.
You slash the sun demon!
You kill the sun demon!
Training target 20.0 for Fighting reached!
Your Fighting skill increases to level 20!
You start resting.
An orange demon comes into view.
The orange demon completely misses you.
A demonic crawler comes into view.
You see here a +1 scythe of protection.
You rampage towards the demonic crawler!
The orange demon barely misses you. The orange demon completely misses you.
The demonic crawler gives a hideous shriek!
You open the orange demon like a pillowcase!!!
The orange demon is severely wounded.
You block the demonic crawler's attack.
The demonic crawler hits you but does no damage. x2
The orange demon completely misses you. x2
You open the orange demon like a pillowcase!!!
You kill the orange demon!
The demonic crawler closely misses you. You block the demonic crawler's attack.
The demonic crawler completely misses you.
You slice the demonic crawler like a ripe choko!!!
The demonic crawler is severely wounded.
You block the demonic crawler's attack.
The demonic crawler completely misses you. x2
You slice the demonic crawler!!
The demonic crawler is almost dead.
You block the demonic crawler's attack. x3
You barely miss the demonic crawler.
The demonic crawler is severely wounded.
The demonic crawler completely misses you. x2
You block the demonic crawler's attack. x2
The demonic crawler completely misses you.
You block the demonic crawler's attack.
You cut the demonic crawler into ribbons!!!
You kill the demonic crawler!
Magic restored.
You now have 8108 gold pieces (gained 27).
A ynoxinul and a sun demon come into view.
The ynoxinul moves out of view.
Your transformation is almost over.
Casting: Necromutation (mildly dangerous; 2% risk of failure)
Confirm with . or Enter, or press ? or * to list all spells.
You feel a surge of power!
You extend your transformation's duration.
The sun demon shouts!
You rampage towards the sun demon!
You slice the sun demon!!
The sun demon is heavily wounded.
The ynoxinul gestures.
The sun demon completely misses you.
You cut the sun demon into ribbons!!!
You kill the sun demon!
You rampage towards the ufetubus!
You carve the ufetubus like a ham!!!!
You kill the ufetubus!
The ufetubus disappears in a puff of smoke!
The ufetubus completely misses you. You block the ufetubus's attack.
You closely miss the ynoxinul. You block the ufetubus's attack.
The ufetubus completely misses you.
The ynoxinul gestures.
The ufetubus completely misses you. x2
You slice the ynoxinul!!
You kill the ynoxinul!
The ufetubus disappears in a puff of smoke! x3
A sun demon comes into view.
You rampage towards the sun demon!
You catch the helpless sun demon completely off-guard!
You slice the sun demon like a ripe choko!!!
The sun demon is almost dead.
You block the sun demon's attack.
You carve the sun demon like a ham!!!
You kill the sun demon!
A reaper comes into view.
It is wielding a +4 scythe of protection.
Found 40 gold pieces.
You rampage towards the reaper!
You rampage towards the reaper!
You strike the helpless reaper from behind!
You slice the reaper!!
The reaper is moderately wounded.
The reaper misses you.
A ynoxinul comes into view.
The ynoxinul bellows!
You cut the reaper into ribbons!!!!
You kill the reaper!
Your Ranged Weapons skill increases to level 10!
You see here a +4 scythe of protection.
You slice the ynoxinul!!
The ynoxinul is severely wounded.
You barely miss the ynoxinul.
The ynoxinul is severely wounded.
The ynoxinul completely misses you.
You closely miss the ynoxinul.
The ynoxinul is severely wounded.
The ynoxinul gestures at you. You block the iron shot.
You slice the ynoxinul like a ripe choko!!!
You kill the ynoxinul!
You now have 8134 gold pieces (gained 26).
You now have 8148 gold pieces (gained 14).
i - 4 potions of haste (gained 1)
Your transformation is almost over.
Casting: Necromutation (mildly dangerous; 2% risk of failure)
Confirm with . or Enter, or press ? or * to list all spells.
You feel a surge of power!
You extend your transformation's duration.
A demonspawn blood saint comes into view.
It is wielding a +0 dagger and wearing a +2 robe of fire resistance.
You slice the demonspawn blood saint!!
The demonspawn blood saint is moderately wounded.
The demonspawn blood saint completely misses you.
You barely miss the demonspawn blood saint.
The demonspawn blood saint is moderately wounded.
The demonspawn blood saint completely misses you.
You hit the demonspawn blood saint.
The demonspawn blood saint is moderately wounded.
You block the demonspawn blood saint's attack.
You cut the demonspawn blood saint into ribbons!!!
The demonspawn blood saint is severely wounded.
The demonspawn blood saint hits you but does no damage.
You slash the demonspawn blood saint!
The demonspawn blood saint is almost dead.
You block the demonspawn blood saint's attack.
You slash the demonspawn blood saint!
You kill the demonspawn blood saint!
Things that are here:
a +0 dagger; a +2 robe of fire resistance
There is an open door here.
Found two portals.
There is an open door here.
Your transformation is almost over.
Casting: Necromutation (mildly dangerous; 2% risk of failure)
Confirm with . or Enter, or press ? or * to list all spells.
You feel a surge of power!
You extend your transformation's duration.
A ynoxinul comes into view.
The ynoxinul moves out of view.
What are your orders? t - Shout!
Orders for allies: a - Attack new target. r - Retreat! s - Stop attacking. g - Guard the area. f - Follow me.
Anything else - Cancel.
You shout for attention!
You hear a bellow!
You rampage towards the ynoxinul!
You open the ynoxinul like a pillowcase!!!
You kill the ynoxinul!
There is a dry fountain here.
There is a fountain of blood here.
Done exploring.
Unknown command.
Search for what [Enter for "pan", or ? for help]? pan Unknown command.
There is a fountain of blood here.
There is a dry fountain here.
There is a gate leading to another region of Pandemonium here.
Casting: Necromutation (mildly dangerous; 2% risk of failure)
Confirm with . or Enter, or press ? or * to list all spells.
You feel a surge of power!
You extend your transformation's duration.
You pass into a different region of Pandemonium.
Found 4 stones.
You open the door.
A red devil comes into view. It is wielding a +0 trident.
Found a gate leading out of Pandemonium.
There is an open door here.
You catch the helpless red devil completely off-guard!
You cut the red devil into ribbons!!!
You kill the red devil!
You see here a +0 trident.
Found a wand of charming (5).
Found 25 gold pieces and a wand of digging (7).
An Ice Fiend comes into view.
A sixfirhy comes into view.
You strike the helpless Ice Fiend from behind!
You slice the Ice Fiend!!
The Ice Fiend is moderately wounded.
You slash the Ice Fiend!
The Ice Fiend is heavily wounded.
The Ice Fiend gestures at you. The bolt of cold hits you!! You resist.
You hit the Ice Fiend.
The Ice Fiend is heavily wounded.
The Ice Fiend completely misses you. x2
You slice the Ice Fiend!!
The Ice Fiend is severely wounded.
You block the sixfirhy's attack. The sixfirhy barely misses you.
The sixfirhy completely misses you. You block the Ice Fiend's attack.
The Ice Fiend completely misses you.
You slice the Ice Fiend!!
You kill the Ice Fiend!
You slash the sixfirhy!
The sixfirhy is moderately wounded.
You barely miss the sixfirhy.
The sixfirhy is moderately wounded.
The sixfirhy completely misses you. x2; You block the sixfirhy's attack.
You slash the sixfirhy!
The sixfirhy is moderately wounded.
You block the sixfirhy's attack. The sixfirhy completely misses you. x2
You block the sixfirhy's attack.
You carve the sixfirhy like a ham!!!!
You kill the sixfirhy!
An Executioner comes into view.
Casting: Necromutation (mildly dangerous; 2% risk of failure)
Confirm with . or Enter, or press ? or * to list all spells.
Aiming: Apportation (safe; 1% risk of failure)
Press: ? - help, Dir - move target Apport: a wand of charming (5) Yoink!
You pull the item towards yourself.
Casting: Apportation (safe; 1% risk of failure)
Confirm with . or Enter, or press ? or * to list all spells.
Aiming: Apportation (safe; 1% risk of failure)
Press: ? - help, Dir - move target Apport: a wand of digging (7) Yoink!
You pull the item towards yourself.
Casting: Apportation (safe; 1% risk of failure)
Confirm with . or Enter, or press ? or * to list all spells.
Aiming: Apportation (safe; 1% risk of failure)
Press: ? - help, Dir - move target Apport: 25 gold pieces Yoink!
You pull the items towards yourself.
k - a wand of charming (35) (gained 5 charges)
F - a wand of digging (40) (gained 7 charges)
You now have 8173 gold pieces (gained 25).
You strike the helpless Executioner from behind!
You open the Executioner like a pillowcase!!!
The Executioner is heavily wounded.
The Executioner completely misses you. You block the Executioner's attack.
The Executioner completely misses you.
The Executioner gestures.
The Executioner seems to speed up.
You slice the Executioner like a ripe choko!!!
You kill the Executioner!
Found a quarterstaff.
Found a book of the Sky.
There is an open door here.
Found 23 gold pieces.
You pick up a book of the Sky and begin reading...
You add the spells Summon Lightning Spire, Storm Form and Maxwell's Capacitive Coupling to your library.
A sourceless malevolence fills Pandemonium... and a teleportation trap spontaneously manifests!
You are yanked towards some nearby monsters!
Your surroundings suddenly seem different.
A cacodemon, an orange demon, a sixfirhy and a hell beast come into view.
Found 9 gold pieces.
A soul eater comes into view.
The sixfirhy completely misses you.
The hell beast shouts!
You slash the orange demon!
The orange demon is lightly wounded.
The orange demon completely misses you. You block the orange demon's attack.
You slash the orange demon!
The orange demon is heavily wounded.
The orange demon completely misses you. You block the orange demon's attack.
You hit the orange demon.
The orange demon is heavily wounded.
You block the sixfirhy's attack.
The hell beast completely misses you. x2
You block the sixfirhy's attack. The orange demon completely misses you.
The orange demon misses you.
The hell beast completely misses you. x2
You carve the orange demon like a ham!!!
You kill the orange demon!
The sixfirhy completely misses you.
The sixfirhy hits you but does no damage.
The sixfirhy completely misses you.
The hell beast bites you but does no damage.
You block the hell beast's attack. The sixfirhy completely misses you.
The cacodemon gestures next to you.
Some weird stuff shatters into small pieces.
You closely miss the hell beast. The sixfirhy misses you.
The sixfirhy completely misses you. The hell beast completely misses you.
You block the hell beast's attack. x2; The hell beast completely misses you.
You slice the cacodemon!!
The cacodemon is lightly wounded.
The hell beast closely misses you. The hell beast tramples you!
You hold your ground!
A hellion comes into view.
You block the cacodemon's attack. The cacodemon completely misses you.
You slice the cacodemon!!
The cacodemon is heavily wounded.
You block the hell beast's attack. x2; You block the cacodemon's attack.
The cacodemon completely misses you.
You open the cacodemon like a pillowcase!!!
The cacodemon is almost dead.
You hear a shout! x4
You block the sixfirhy's attack. The sixfirhy completely misses you.
The cacodemon completely misses you. x2
You slice the cacodemon!!
You kill the cacodemon!
The sixfirhy completely misses you. You block the sixfirhy's attack.
The sixfirhy completely misses you. You block the sixfirhy's attack.
You block the soul eater's attack.
You closely miss the hell beast. You block the sixfirhy's attack.
You block the hell beast's attack.
The hell beast completely misses you. x3
A balrug comes into view.
It is wielding a +1 demon whip of venom.
The soul eater completely misses you.
You slice the hell beast!!
The hell beast is moderately wounded.
The hell beast completely misses you. You block the hell beast's attack.
You slice the hell beast like a ripe choko!!!
The hell beast is almost dead.
You hear a shout!
The hell beast completely misses you. x2; You block the soul eater's attack.
You carve the hell beast like a ham!!!
You kill the hell beast!
The sixfirhy completely misses you. You block the sixfirhy's attack.
The sixfirhy completely misses you. The soul eater completely misses you.
The sixfirhy completely misses you.
You slash the hellion!
The hellion is heavily wounded.
You block the sixfirhy's attack. x2; The sixfirhy completely misses you.
The soul eater hits you! The hellion closely misses you.
A sun demon comes into view.
The sixfirhy completely misses you.
You slice the hellion!!
You kill the hellion!
The soul eater hits you but does no damage.
A sun demon comes into view.
You barely miss the sixfirhy. The balrug gestures at you. Something smites you!
You block the soul eater's attack.
A sun demon comes into view.
You slice the sixfirhy like a ripe choko!!!
You kill the sixfirhy!
You hear a hideous shriek!
The soul eater barely misses you.
You open the balrug like a pillowcase!!!
The balrug is severely wounded.
You hear a bellow!
The balrug gestures at you. Something smites you!
A sun demon comes into view.
The soul eater completely misses you.
You slash the balrug!
The balrug is almost dead.
The balrug completely misses you. The soul eater misses you.
The balrug completely misses you.
You slice the balrug!!
You kill the balrug!
The sun demon completely misses you. The soul eater misses you.
You cut the sun demon into ribbons!!!
The sun demon is almost dead.
The sun demon completely misses you. You block the soul eater's attack.
You barely miss the sun demon.
The sun demon is almost dead.
The sun demon completely misses you. The sun demon misses you.
The sun demon completely misses you.
The soul eater hits you but does no damage.
You slice the sun demon!!
You kill the sun demon!
The sun demon completely misses you. You block the sun demon's attack.
You slice the sun demon!!
The sun demon is heavily wounded.
You block the soul eater's attack. The sun demon completely misses you. x2
A hellion comes into view.
The sun demon misses you.
You chop the sun demon into pieces!!!
You kill the sun demon!
The soul eater hits you but does no damage.
You block the sun demon's attack. The sun demon completely misses you.
You cut the soul eater into ribbons!!!
You kill the soul eater!
You hear a shout!
The sun demon completely misses you. You block the sun demon's attack.
You rampage towards the hellion!
The sun demon completely misses you.
You rampage towards the hellion!
You chop the hellion into pieces!!!!
You kill the hellion!
A sourceless malevolence fills Pandemonium... and a teleportation trap spontaneously manifests!
You are yanked towards a nearby monster!
Your surroundings suddenly seem different.
A reaper comes into view.
It is wielding a +3 scythe of protection.
Found a wand of roots (3) and a scroll of amnesia.
Found two portals.
Your transformation is almost over.
Unknown command.
Casting: Apportation (safe; 1% risk of failure)
Confirm with . or Enter, or press ? or * to list all spells.
You feel a surge of power!
You extend your transformation's duration.
You rampage towards the reaper!
Found 34 gold pieces.
The reaper completely misses you.
You rampage towards the reaper!
You slash the reaper!
The reaper is lightly wounded.
The reaper completely misses you.
You slash the reaper!
The reaper is moderately wounded.
You block the reaper's attack.
You open the reaper like a pillowcase!!!
The reaper is severely wounded.
You block the reaper's attack.
You hit the reaper.
The reaper is severely wounded.
The reaper hits you with a +3 scythe of protection!!
You slice the reaper!!
The reaper is almost dead.
A demonic crawler comes into view.
You block the reaper's attack.
A tormentor comes into view.
You barely miss the reaper.
The reaper is almost dead.
The reaper completely misses you.
You slash the reaper!
You kill the reaper!
Training target 21.0 for Necromancy reached!
Your Necromancy skill increases to level 21!
You rampage towards the tormentor!
You block the tormentor's attack. The tormentor completely misses you.
You slice the tormentor!!
The tormentor is heavily wounded.
You block the tormentor's attack. x2
The demonic crawler completely misses you. x3
You block the tormentor's attack. The tormentor completely misses you.
The demonic crawler hits you.
You block the demonic crawler's attack. x2
You slice the tormentor!!
You kill the tormentor!
The demonic crawler completely misses you. x3
You carve the demonic crawler like a ham!!!!
You kill the demonic crawler!
You see here a +3 scythe of protection.
There is a gate leading to another region of Pandemonium here.
J - a wand of roots (62) (gained 3 charges)
W - a scroll of amnesia You open the door.
Found 8 gold pieces.
There is an open door here.
Found 17 gold pieces.
Vitetetu comes into view. It is armed with a distorting touch.
Press: ? - help, v - describe, . - travel
Here: Vitetetu, armed with a distorting touch (wandering, hasn't noticed you)
The floor.
You rampage towards Vitetetu!
A sun demon comes into view.
You rampage towards Vitetetu!
Vitetetu hits you! Space warps around you.
The sun demon shouts!
You slice Vitetetu!!
Vitetetu is moderately wounded.
Vitetetu gestures.
Vitetetu's surroundings become eerily quiet.
The sun demon completely misses you.
You open Vitetetu like a pillowcase!!!
Vitetetu is heavily wounded.
Vitetetu gestures at you. The bolt of acid misses you.
You block the sun demon's attack.
Vitetetu gestures.
You carve Vitetetu like a ham!!!
Vitetetu is severely wounded.
The sun demon completely misses you. You block Vitetetu's attack.
You slice Vitetetu!!
Vitetetu is almost dead.
The floating eye seems to glare at you. You block the sun demon's attack.
Vitetetu closely misses you.
You slice Vitetetu!!
As Vitetetu dies, the sound returns.
You kill Vitetetu!
The floating eye disappears in a puff of smoke! x2
The great orb of eyes disappears in a puff of smoke!
The floating eye disappears in a puff of smoke!
The sun demon completely misses you.
You closely miss the sun demon. The sun demon completely misses you.
You carve the sun demon like a ham!!!!
You kill the sun demon!
A ynoxinul comes into view.
You see here 17 gold pieces.
Found 6 stones.
You see here 8 gold pieces.
You rampage towards the ynoxinul!
You block the ynoxinul's attack.
You slice the ynoxinul!!
The ynoxinul is severely wounded.
You hear a shout!
The ynoxinul gestures.
You completely miss the ynoxinul.
The ynoxinul is severely wounded.
The ynoxinul barely misses you.
You closely miss the ynoxinul.
The ynoxinul is severely wounded.
You block the ufetubus's attack. x2; The ynoxinul completely misses you.
You open the ynoxinul like a pillowcase!!!!
You kill the ynoxinul!
The ufetubus disappears in a puff of smoke! x3
The sun demon completely misses you.
You open the sun demon like a pillowcase!!!
You kill the sun demon!
You hear a shout! x2
You now have 8181 gold pieces (gained 8).
You now have 8198 gold pieces (gained 17).
The sun demon shouts!
The sun demon completely misses you.
You closely miss the sun demon. You block the sun demon's attack.
You chop the sun demon into pieces!!!
You kill the sun demon!
You open the door.
There is an open door here.
Found a gate leading to another region of Pandemonium.
You now have 8232 gold pieces (gained 34).
Your transformation is almost over.
Casting: Necromutation (mildly dangerous; 2% risk of failure)
Confirm with . or Enter, or press ? or * to list all spells.
You feel a surge of power!
You extend your transformation's duration.
Magic restored.
You see here a +2 falchion of holy wrath.
A tormentor comes into view.
You rampage towards the tormentor!
The helpless tormentor fails to defend itself.
You slice the tormentor!!
The tormentor is severely wounded.
You block the tormentor's attack. The tormentor completely misses you.
The tormentor misses you. The tormentor completely misses you.
You slash the tormentor!
You kill the tormentor!
You now have 8243 gold pieces (gained 11).
You now have 8266 gold pieces (gained 23).
There is an open door here.
Your transformation is almost over.
Casting: Necromutation (mildly dangerous; 2% risk of failure)
Confirm with . or Enter, or press ? or * to list all spells.
You feel a surge of power!
You extend your transformation's duration.
There is an open door here.
You open the door.
There is an open door here.
An ice devil comes into view.
You rampage towards the ice devil!
You rampage towards the ice devil!
Your transformation is almost over.
You block the ice devil's attack.
You open the ice devil like a pillowcase!!!
You kill the ice devil!
You hear a shout!
A soul eater comes into view.
The soul eater moves out of view.
A demonspawn black sun comes into view. It is wielding a +0 dire flail.
You rampage towards the soul eater!
You hit the soul eater but do no damage.
You cut the soul eater into ribbons!!!!
You kill the soul eater!
You rampage towards the demonspawn black sun!
The demonspawn black sun completely misses you.
You slash the demonspawn black sun!
The demonspawn black sun is lightly wounded.
The demonspawn black sun mumbles some strange prayers to Kikubaaqudgha against you.
You convulse!
A large abomination comes into view.
You closely miss the demonspawn black sun.
The demonspawn black sun is lightly wounded.
The demonspawn black sun misses you.
You chop the demonspawn black sun into pieces!!!
The demonspawn black sun is heavily wounded.
You feel yourself come back to life.
The demonspawn black sun completely misses you.
You slice the demonspawn black sun like a ripe choko!!!
The demonspawn black sun is almost dead.
The demonspawn black sun completely misses you.
You hit the demonspawn black sun but do no damage.
The demonspawn black sun is almost dead.
The demonspawn black sun completely misses you.
You slice the demonspawn black sun!!
You kill the demonspawn black sun!
Casting: Necromutation (mildly dangerous; 1% risk of failure)
Confirm with . or Enter, or press ? or * to list all spells.
Your body is suffused with negative energy!
Things that are here:
a +0 dire flail; a +0 plate armour Unknown command.
Found a book of the Moon.
The large abomination completely misses you.
There is an open door, spattered with blood here.
You slice the large abomination!!
The large abomination is heavily damaged.
You block the large abomination's attack.
You chop the large abomination into pieces!!!
You destroy the large abomination!
There is an open door, spattered with blood here.
Things that are here:
a +0 dire flail; a +0 plate armour You see here a +1 demon whip of venom.
You now have 8275 gold pieces (gained 9).
You now have 8301 gold pieces (gained 26).
Found a flail.
A soul eater comes into view.
A soul eater is nearby!
There is an open door here.
You catch the helpless soul eater completely off-guard!
You open the soul eater like a pillowcase!!!
The soul eater is heavily wounded.
The soul eater completely misses you.
You slash the soul eater!
The soul eater is almost dead.
The soul eater completely misses you.
You slash the soul eater!
The soul eater is almost dead.
You block the soul eater's attack.
You chop the soul eater into pieces!!!!
You kill the soul eater!
Found a gate leading to another region of Pandemonium.
There is a gate leading to another region of Pandemonium here.
Your pack is full.
You see here a scroll of acquirement.
Okay, then.
Unknown command.
Forget Slow, freeing 1 spell level for a total of 21?
Your memory of Slow unravels.
W - a scroll of acquirement Something appears at your feet!
You now have 9551 gold pieces (gained 1250).
You see here a +1 vampiric hand axe.
Casting: Necromutation (mildly dangerous; 1% risk of failure)
Confirm with . or Enter, or press ? or * to list all spells.
You feel a surge of power!
You extend your transformation's duration.
There is an open door here.
There is an open door here.
You now have 9560 gold pieces (gained 9).
There is an open door here.
There is an open door here.
Your transformation is almost over.
Casting: Necromutation (mildly dangerous; 1% risk of failure)
Confirm with . or Enter, or press ? or * to list all spells.
You feel a surge of power!
You extend your transformation's duration.
There is an open door here.
Done exploring.
Search for what [Enter for "pan", or ? for help]? pan Unknown command.
There is an open door here.
There is an open door here.
There is an open door here.
A demonic crawler comes into view.
You rampage towards the demonic crawler!
You rampage towards the demonic crawler!
You catch the helpless demonic crawler completely off-guard!
You cut the demonic crawler into ribbons!!!!
You kill the demonic crawler!
You see here a demonic crawler corpse.
There is a gate leading out of Pandemonium here.
You pass through the gate.
Welcome back to the Depths!
There is a one-way gate leading to the halls of Pandemonium here.
You drop a wand of charming (35).
You drop a potion of magic.
You drop 5 javelins.
You drop a scroll of enchant armour.
There is a one-way gate leading to the halls of Pandemonium here.
Casting: Necromutation (mildly dangerous; 1% risk of failure)
Confirm with . or Enter, or press ? or * to list all spells.
You feel a surge of power!
You extend your transformation's duration.
If you enter this portal you might not be able to return immediately.
Continue?
You enter the halls of Pandemonium!
To return, you must find a gate leading back.
This branch contains the glowing, magical and fiery runes of Zot.
Found 19 gold pieces and a wand of polymorph (6).
You rampage towards the cacodemon!
A demonspawn blood saint comes into view.
It is wielding a +0 dagger.
You rampage towards the cacodemon!
Found a leather armour.
The cacodemon shouts!
The demonspawn black sun shouts!
You hear a shout!
A demonspawn corrupter comes into view.
It is wielding a +0 demon blade of draining.
You slash the cacodemon!
The cacodemon is lightly wounded.
The demonspawn corrupter invokes the aid of Lugonu against you.
The entropic weave corrodes you! The cacodemon misses you.
You block the cacodemon's attack.
You completely miss the cacodemon.
The cacodemon is lightly wounded.
You hit the cacodemon but do no damage.
The cacodemon is lightly wounded.
The cacodemon completely misses you. x2
The demonspawn corrupter completely misses you. x2
You cut the cacodemon into ribbons!!!
The cacodemon is heavily wounded.
You hear a loud, deep croak!
The cacodemon barely misses you. You block the cacodemon's attack.
The demonspawn black sun mumbles some strange prayers to Kikubaaqudgha.
The demonspawn corrupter begins absorbing vital energies!
The cacodemon begins absorbing vital energies!
The demonspawn black sun begins absorbing vital energies!
The demonspawn corrupter begins absorbing vital energies!
The demonspawn blood saint begins absorbing vital energies!
The demonspawn corrupter calls forth creatures from the Realm of Zot!
The demonspawn blood saint calls on the powers of chaos!
The demonspawn corrupter seems to grow stronger.
The cacodemon suddenly seems more agile.
The demonspawn black sun seems to grow stronger.
The demonspawn corrupter seems to speed up.
The moth of wrath suddenly seems more agile.
You open the cacodemon like a pillowcase!!!!
You kill the cacodemon!
The demonspawn black sun hits you with a +0 dire flail!
You feel your power leaking away.
The demonspawn blood saint calls on the powers of chaos!
The demonspawn corrupter seems to speed up.
The demonspawn black sun is filled with an inner flame.
The moth of wrath's willpower is stripped away.
The demonspawn corrupter completely misses you. x2
You slash the demonspawn corrupter!
The demonspawn corrupter is lightly wounded.
The demonspawn corrupter calls forth creatures from the Abyss!
The demonspawn corrupter calls forth creatures from the Pits of Slime!
The demonspawn black sun misses you.
The demonspawn corrupter calls forth creatures from the Tomb of the Ancients!
Press: ? - help, v - describe, . - travel
Here: a moth of wrath (summoned, expiring, unusually agile, weak-willed)
The floor.
You chop the demonspawn corrupter into pieces!!!
The demonspawn corrupter is heavily wounded.
The moth of wrath disappears in a puff of smoke!
The demonspawn corrupter calls forth creatures from the Elven Halls!
The demonspawn black sun misses you.
A shadow demon comes into view.
You block the demonspawn corrupter's attack.
The demonspawn corrupter closely misses you.
You closely miss the demonspawn corrupter.
The demonspawn corrupter is heavily wounded.
The demonspawn corrupter completely misses you. x2
A starcursed mass splits. x2
Tentacles burst from the starspawn's body!
The demonspawn black sun completely misses you.
The demonspawn corrupter invokes the aid of Lugonu against you.
The entropic weave corrodes you! You block the sphinx's attack.
The sphinx barely misses you. The sphinx completely misses you.
The sphinx misses you. The sphinx completely misses you.
The sphinx hits you but does no damage. 2 starspawn tentacles come into view.
You slash the demonspawn corrupter!
The demonspawn corrupter is severely wounded.
You block the deep elf sorcerer's attack.
A chorus of shrieks assaults your mind.
The tentacled starspawn completely misses you.
The tentacled starspawn closely misses you.
The demonspawn black sun completely misses you.
The demonspawn corrupter misses you.
The demonspawn corrupter barely misses you.
The sphinx hits you! You block the sphinx's attack.
The sphinx completely misses you. You block the sphinx's attack. x2
The sphinx completely misses you.
You slash the demonspawn corrupter!
The demonspawn corrupter is almost dead.
A starcursed mass splits. x2
The starspawn tentacle completely misses you. x2
The demonspawn corrupter completely misses you.
The demonspawn corrupter kicks you!!
You feel your power leaking away.
The deep elf high priest calls down the wrath of its god upon you.
Something smites you!
The deep elf high priest invokes the aid of its god against you.
Something smites you!
The deep elf sorcerer completely misses you.
A starcursed mass splits.
The tentacled starspawn barely misses you.
You block the tentacled starspawn's attack.
A starcursed mass splits.
The demonspawn black sun completely misses you.
The demonspawn corrupter calls forth creatures from the Elven Halls!
The sphinx completely misses you. You block the sphinx's attack.
The sphinx completely misses you.
The sphinx mumbles some strange words.
Something smites you!
You closely miss the demonspawn corrupter.
The demonspawn corrupter is almost dead.
The acid blob disappears in a puff of smoke!
The demonspawn corrupter completely misses you. x2
A cacophony of accursed wailing tears at your sanity!
You suddenly lose the ability to move!
The starspawn tentacle grabs you. The starspawn tentacle constricts you.
The deep elf sorcerer hits you with a +0 long sword.
A starcursed mass splits.
The tentacled starspawn bites you!!
The tentacled starspawn tentacle-slaps you!
The demonspawn black sun hits you with a +0 dire flail!!
You feel your attacks grow feeble.
The demonspawn corrupter hits you with a +0 dire flail!!
You feel your power leaking away. The demonspawn corrupter kicks you!
You feel as though you will be weak longer.
The sphinx hits you but does no damage. The sphinx hits you. x2
The sphinx hits you!
* * * LOW HITPOINT WARNING * * *
The sphinx hits you but does no damage. x2
The deep elf sorcerer mumbles some strange words.
The deep elf sorcerer seems to speed up.
The demonspawn corrupter hits you but does no damage.
The demonspawn corrupter kicks you but does no damage.
A starcursed mass splits.
The starspawn tentacle constricts you.
The deep elf sorcerer hits you with a +0 long sword.
* * * LOW HITPOINT WARNING * * *
A starcursed mass splits.
The tentacled starspawn bites you!!
* * * LOW HITPOINT WARNING * * *
The tentacled starspawn tentacle-slaps you!
* * * LOW HITPOINT WARNING * * *
A titanic slime creature splits.
A starcursed mass splits.
The demonspawn black sun hits you but does no damage.
The sphinx completely misses you.
The sphinx hits you but does no damage. x2
The sphinx hits you.
* * * LOW HITPOINT WARNING * * *
The sphinx hits you.
* * * LOW HITPOINT WARNING * * *
The sphinx hits you but does no damage.
You can move again.
Blink to where?
Press: ? - help, Dir - move target You escape the starspawn tentacle's grasp.
As you read the scroll of blinking, it crumbles to dust.
The deep elf high priest disappears in a puff of smoke!
The deep elf sorcerer points at you and mumbles some strange words.
The sphere of damnation explodes!
The damnation engulfs you!!!
You die...

Skill      XL: |  1  2  3  4  5  6  7  8  9 10 11 12 13 14 15 16 17 18 19 20 21 22 23 24 25 26 27 |
---------------+----------------------------------------------------------------------------------+-----
Fighting       | 1 2 3 4 5 7 8 10 12 14 15 16 18 19 20 | 20.0
Dodging        | 2 3 4 5 6 8 10 11 13 14 15 16 17 19 20 21 22 23 24 | 24.0
Stealth        | 1 2 3 4 5 7 9 10 12 13 14 15 | 15.0
Long Blades    | 1 2 3 4 6 8 10 11 13 14 15 16 17 18 19 20 | 20.0
Evocations     | 2 6 9 11 12 14 15 | 15.0
Transmutations | 2 6 9 13 21 | 21.0
Armour         | 5 6 11 | 11.0
Spellcasting   | 4 6 7 9 10 12 16 | 16.7
Shields        | 2 4 5 |  5.0
Translocations | 1 4 5 6 9 10 | 10.0
Necromancy     | 3 9 11 13 15 17 21 | 21.0
Ranged Weapons | 10 | 10.8
Hexes          | |  2.6

Action                     |  1- 3 |  4- 6 |  7- 9 | 10-12 | 13-15 | 16-18 | 19-21 | 22-24 | 25-27 || total
---------------------------+-------+-------+-------+-------+-------+-------+-------+-------+-------++-------
  Melee: Dagger            |       |   152 |    10 |    19 |    42 |    54 |       |       |       ||   277
         Punch             |       |     1 |     7 |     9 |       |       |       |       |       ||    17
         Long sword        |       |       |   290 |       |       |       |       |       |       ||   290
         Kick              |       |       |   137 |   242 |   317 |       |       |       |       ||   696
         Scimitar          |       |       |    83 |   537 |  1431 |  1443 |       |       |       ||  3494
         Double sword      |       |       |       |       |       |   185 |  1744 |  2053 |  2067 ||  6049
         Quick blade       |       |       |       |       |       |    26 |    72 |    57 |    60 ||   215
         Great sword       |       |       |       |       |       |       |       |       |  1186 ||  1186
         Demon blade       |       |       |       |       |       |       |       |       |   638 ||   638
   Fire: Sling             |   123 |    46 |       |       |       |     1 |       |       |       ||   170
         Shortbow          |       |    61 |   101 |       |       |       |       |       |       ||   162
         Longbow           |       |       |    12 |   106 |       |       |       |       |       ||   118
         Hand crossbow     |       |       |       |       |       |       |       |       |   132 ||   132
         Arbalest          |       |       |       |       |       |       |       |       |     4 ||     4
  Throw: Dart              |       |     2 |     3 |    32 |    28 |    61 |     2 |     3 |       ||   131
         Boomerang         |       |       |       |       |     2 |       |       |       |     6 ||     8
         Throwing net      |       |       |       |       |     1 |     1 |       |     2 |       ||     4
   Cast: Manifold Assault  |       |       |       |       |       |       |    12 |    39 |    43 ||    94
         Blink             |       |       |       |       |       |       |       |     8 |     4 ||    12
         Apportation       |       |       |       |       |       |       |       |     1 |    23 ||    24
         Animate Dead      |       |       |       |       |       |       |       |     2 |     4 ||     6
         Wereblood         |       |       |       |       |       |       |       |     1 |     1 ||     2
         Death Channel     |       |       |       |       |       |       |       |     1 |     5 ||     6
         Necromutation     |       |       |       |       |       |       |       |       |   122 ||   122
         Passwall          |       |       |       |       |       |       |       |       |     1 ||     1
Ability: Evoke Invisibilit |       |       |       |       |       |     1 |     2 |     2 |     1 ||     6
         End Transformatio |       |       |       |       |       |       |       |       |     3 ||     3
  Evoke: Wand              |       |       |       |       |     4 |       |     8 |       |    10 ||    22
         Lightning rod     |       |       |       |       |       |       |     4 |       |    12 ||    16
         Horn of Geryon    |       |       |       |       |       |       |       |     1 |     4 ||     5
         Condenser vane    |       |       |       |       |       |       |       |       |     7 ||     7
         Phantom mirror    |       |       |       |       |       |       |       |       |     2 ||     2
    Use: Scroll            |       |     6 |     4 |    12 |     8 |    12 |     4 |     7 |    39 ||    92
         Potion            |       |     5 |     1 |     4 |     6 |    10 |       |     5 |    34 ||    65
   Stab: Invisible         |       |     3 |       |       |       |    17 |    33 |    23 |     5 ||    81
         Sleeping          |       |       |     2 |    18 |    65 |    51 |    68 |    42 |    42 ||   288
         Distracted        |       |       |       |     3 |    12 |    11 |    24 |    25 |   110 ||   185
         Petrified         |       |       |       |       |    10 |     1 |       |       |       ||    11
         Held in net/web   |       |       |       |       |     3 |     4 |       |     3 |       ||    10
         Petrifying        |       |       |       |       |     1 |       |       |       |       ||     1
         Confused          |       |       |       |       |       |       |       |     1 |       ||     1
 Armour: Robe              |    16 |       |       |       |       |       |       |       |       ||    16
         Ring mail         |       |    74 |   157 |    91 |   111 |    70 |       |       |       ||   503
         Quicksilver drago |       |       |       |       |    39 |   102 |    37 |       |       ||   178
         Troll leather arm |       |       |       |       |       |       |    49 |   222 |   373 ||   644
  Dodge: Dodged            |    70 |   115 |   328 |   342 |   905 |  1427 |  1309 |  3189 |  5188 || 12873
  Block: Other             |       |    28 |    75 |    59 |       |       |       |       |       ||   162
         Buckler           |       |       |       |    17 |   801 |  1315 |  1372 |  2401 |  2014 ||  7920
         Reflection        |       |       |       |       |       |       |    18 |    31 |    11 ||    60

Levels and vault maps discovered:
D:1:      shiori_arrival_maze, layout_rooms, minmay_hexomino_p4
D:2:      layout_loops_ring
D:3:      layout_loops_ring, nicolae_elevator_lobby_asterisk,
          uniq_crazy_yiuf_cottage, uniq_sigmund
D:4:      layout_layer_cave, fedhas_altar_fruit_tree
D:5:      layout_rooms
D:6:      layout_gridville, chequers_ossuary_entry_cave
D:7:      layout_rooms, minmay_temple_entry_offerings, minivault_25
D:8:      layout_basic
D:9:      layout_stronghold, guppyfry_shop_venom
D:10:     layout_loops_ring, grunt_temple_overflow_open, erik_lair_dragon,
          serial_shops, nicolae_diamond_shop, hangedman_abyss_or_decor_stagger,
          uniq_erolcha, uniq_psyche
D:11:     minmay_separated_statues, layout_long_grid, erik_orc_3
D:12:     layout_loops_ring, serial_bayou_pond_d
D:13:     layout_roguey, david_vaults_5, nicolae_trove_entry_diagonal,
          blue_anna_alchemist, uniq_josephine, uniq_frances, uniq_jorgrun
D:14:     layout_big_octagon, serial_co_window_serial, co_window_corner_a,
          co_window_of_opportunity_a, co_window_of_opportunity_a,
          co_window_corner_a, co_window_corner_a, co_window_of_opportunity_b,
          co_window_2corner, co_window_unsneaky_path_e,
          co_window_of_opportunity_c, glass_columns_a, glass_columns_c,
          glass_columns_a, glass_columns_b, serial_bayou_pond_b, uniq_azrael
D:15:     grunt_enter_depths_hoard, layout_basic, gammafunk_ghost_split,
          corexii_leaking_fountain
Lair:1:   layout_roguey
Lair:2:   layout_roguey, minmay_hedge_maze, minmay_lindwurm_lava,
          grunt_megastairs_4, uniq_fannar
Lair:3:   layout_cave_pods, minmay_shoals_entry_beasts,
          nicolae_spider_entry_non_spiders
Lair:4:   layout_cave_pods, dpeg_slime_entry_corner, cheibrodos_lair_lostbears
Lair:5:   evilmike_catoblepas_cave, layout_cave_pods, grunt_megastairs_2
Shoals:1: layout_shoals, gammafunk_ghost_cemetery, nicolae_shoals_cliffside_cave
Shoals:2: dreamdust_from_the_deep, layout_shoals
Shoals:3: layout_shoals, serial_shops, nicolae_shop_waterfront,
          serial_nicolae_subway, nicolae_sub_station_crystal,
          nicolae_sub_station_stone, nicolae_sub_station_metal, uniq_polyphemus
Shoals:4: shoals_end_hellmonk_lost_city, serial_shops
Spider:1: layout_spider_delve
Spider:2: layout_chambers, hangedman_spider_tarantella_strand, uniq_louise
Spider:3: layout_spider_delve
Spider:4: guppyfry_spider_rune
Slime:1:  layout_caves
Slime:2:  layout_caves, nicolae_slime_round_cave
Slime:3:  layout_caves
Slime:4:  layout_caves
Slime:5
Orc:1:    layout_caves, hellmonk_ghost_happy_afterlife,
          amcnicky_altar_lugonu_corruption
Orc:2:    hellmonk_orc_salted, layout_caves, serial_shops, shop, special_room,
          lemuel_statue_altar, nicolae_orc_tapped_out
Elf:1:    elf_arrival_002, layout_loops_ring, ebering_ghost_gozag,
          minmay_elf_necromancy, uniq_agnes
Elf:2:    nicolae_elf_blades_crystal_corner, layout_loops_corners
Elf:3:    elf_hall, layout_geoelf_castle, uniq_mara
Vaults:1: v_misc_30, nicolae_vaults_shelves_hall, nicolae_vaults_hallways_thing,
          grunt_vaults_twisty, v_misc_4, v_misc_9, ontoclasm_vaults_bender,
          v_misc_11, ontoclasm_vaults_hangar, nicolae_vaults_network_s,
          nicolae_vaults_little_squares_1, vaults_dpeg_diagonal,
          layout_vaults_big_cross
Vaults:2: portal_desolation_entry_garden, hangedman_vaults_maws,
          ontoclasm_vaults_claustrophobia, minmay_crypt_entry_simple_sparse,
          v_misc_28, v_misc_13, v_misc_11, v_misc_10, grunt_vaults_trifunnel,
          nicolae_vaults_stairing_the_circle, nicolae_vaults_big_angled_halls,
          ontoclasm_vaults_gateway, ontoclasm_vaults_tryst, v_misc_19,
          layout_vaults_maze, serial_shops, nicolae_diamond_shop, uniq_sojobo
Vaults:3: nicolae_vaults_little_ls, hangedman_vaults_locks,
          nicolae_vaults_alarming, vaults_room_ringed_pool,
          ontoclasm_vaults_ring_small, nicolae_vaults_ninety_degrees,
          ontoclasm_vaults_fault, grunt_vaults_hallway_short, v_misc_3,
          hangedman_vaults_corner, nicolae_vaults_little_squares_2,
          layout_vaults_omnibox, uniq_asterion
Vaults:4: gammafunk_ghost_fury_of_okawaru, v_misc_16, ontoclasm_vaults_spin,
          nicolae_vaults_circle_grid_b, nicolae_vaults_ring_of_whatevers,
          st_check, vaults_mumra_hex, v_alt_pattern_1, vaults_dpeg_hooks,
          layout_vaults_omnigrid, serial_shops, nicolae_shop_waterfront
Vaults:5: serial_shops
Crypt:1:  layout_basic, st_stairs_3
Crypt:2:  layout_catacombs, special_room [special_room_morgue], uniq_jory,
          uniq_bai_suzhen
Crypt:3:  david_glass_crypt, layout_rooms, nicolae_tomb_entry_rubble_hallway,
          amcnicky_mini_pool_small, chequers_hall_statues_y, uniq_zenata,
          uniq_xtahua
Tomb:1
Depths:1: layout_twisted_cross, abyss_entry, grunt_metal_band,
          kennysheep_generic_room_13
Depths:2: cell_vault, layout_cave_shapes, wad_floor_pattern_untrapped,
          pf_hell_entry_great_geh, pan_entry, abyss_entry, grunt_megastairs_3
Depths:3: minmay_textured_paths, layout_gridlike, enter_ziggurat_b, hell_entry,
          abyss_entry_crystal, infiniplex_staircase_pool_2, serial_shops, shop
Depths:4: grunt_zot_entry_funnels, layout_long_grid, pf_hell_entry_tar_spiral,
          nicolae_elyvilon_peaceful_grove, uniq_boris, uniq_josephina
Hell
Zot:1:    kennysheep_six_static_rooms, layout_misc_corridors,
          gammafunk_ghost_crypt, hangedman_player_shredder
Zot:2:    layout_gridlike
Zot:3:    layout_misc_corridors, gammafunk_ghost_mausoleum,
          lemuel_baited_zot_trap
Zot:4:    kennysheep_oblong_rooms, layout_basic, skrybe_zot_glass_3, uniq_vv
Zot:5:    layout_gridville
Pan:      evilmike_mini_pan_possible_glass, layout_grid_shapes,
          pan_blood_fountain_small, grunt_pan_frozen_over,
          layout_pan_divisions_a [pan_division_quadrant_a2,
          pan_division_quadrant_a2, pan_division_quadrant_a3,
          pan_division_quadrant_a4, pan_division_octagon_empty], gloorx_vloq,
          layout_rooms, uniq_mennas_pan, pan_blood_fountain_small,
          grunt_pan_zigzag, layout_gridlike, pan_blood_fountain_2, rand_demon_1,
          layout_gridville, pan_blood_fountain, evilmike_mini_pan_other_thingy,
          layout_stronghold, nicolae_pan_mnolegish_1

Notes
Turn   | Place    | Note
-------+----------+-------------------------------------------
     0 | D:1      | scionoferis the Demigod Hexslinger began the quest for the
                  | Orb.
     0 | D:1      | Reached XP level 1. HP: 15/15 MP: 4/4
    26 | D:1      | Reached skill level 1 in Fighting
    27 | D:1      | Reached skill level 2 in Dodging
    69 | D:1      | Reached XP level 2. HP: 23/23 MP: 5/5
   136 | D:1      | Reached skill level 1 in Stealth
   299 | D:1      | Reached XP level 3. HP: 28/28 MP: 6/6
   770 | D:2      | Reached skill level 3 in Dodging
   796 | D:2      | Reached skill level 1 in Long Blades
   897 | D:2      | Reached XP level 4. HP: 36/36 MP: 8/8
  1180 | D:2      | Identified the +8 ring mail "Gaesmot" {Stlth+}
  1451 | D:3      | Reached skill level 2 in Fighting
  1696 | D:3      | Found a runed translucent door.
  1697 | D:3      | Noticed Crazy Yiuf
  1936 | D:3      | Noticed Sigmund
  2119 | D:3      | Killed Crazy Yiuf
  2120 | D:3      | Reached skill level 2 in Stealth
  2120 | D:3      | Reached XP level 5. HP: 7/41 MP: 9/9
  2122 | D:3      | Gained mutation: You are partially covered in large bone
                  | plates. (SH +4) [potion of mutation]
  2122 | D:3      | Gained mutation: You have hidden genetic potential. [potion
                  | of mutation]
  2122 | D:3      | Gained mutation: Your flesh is heat resistant. (rF+)
                  | [potion of mutation]
  2122 | D:3      | HP: 4/41 [poisoned by Crazy Yiuf]
  2750 | D:4      | Reached skill level 2 in Long Blades
  2852 | D:4      | Reached skill level 4 in Dodging
  2852 | D:4      | Reached XP level 6. HP: 39/50 MP: 10/10
  2862 | D:4      | Gained mutation: You expend magic power (3 MP) to
                  | strengthen your wands. [hidden potential]
  3635 | D:5      | Entered Level 5 of the Dungeon
  3769 | D:5      | Reached skill level 3 in Long Blades
  3935 | D:5      | Reached skill level 3 in Stealth
  3971 | D:5      | Reached skill level 3 in Fighting
  3971 | D:5      | Reached XP level 7. HP: 57/57 MP: 11/11
  4149 | D:5      | Gained mutation: You have large cloven feet. [hidden
                  | potential]
  4149 | D:5      | Lost mutation: You have hidden genetic potential. [hidden
                  | potential expressed]
  4183 | D:5      | Reached skill level 4 in Long Blades
  4183 | D:5      | Reached skill level 5 in Dodging
  4491 | D:3      | Killed Sigmund
  4705 | D:6      | Reached XP level 8. HP: 66/66 MP: 10/12
  4740 | D:6      | Found a sand-covered staircase.
  4747 | Ossuary  | Entered an ossuary
  4931 | Ossuary  | Reached skill level 4 in Stealth
  4949 | Ossuary  | Reached skill level 5 in Long Blades
  4970 | Ossuary  | Reached skill level 4 in Fighting
  4970 | Ossuary  | Reached skill level 6 in Dodging
  5520 | D:7      | You fall into a shaft and drop 2 floors!
  5627 | D:7      | Reached skill level 6 in Long Blades
  5822 | D:7      | Reached XP level 9. HP: 56/72 MP: 9/13
  5840 | D:7      | Reached skill level 7 in Dodging
  5983 | D:7      | Reached skill level 5 in Stealth
  6163 | D:7      | Found a staircase to the Ecumenical Temple.
  6383 | D:8      | Identified the +0 cloak of Summer {Rampage Int+3 Stlth+}
  6666 | D:8      | Reached skill level 5 in Fighting
  7087 | D:9      | Reached skill level 7 in Long Blades
  7256 | D:9      | Reached skill level 8 in Dodging
  7726 | D:9      | Found Taph's Serpentskin Sales.
  7882 | D:9      | Bought 2 curare-tipped darts for 26 gold pieces
  8268 | D:9      | Reached skill level 8 in Long Blades
  8282 | D:9      | Reached XP level 10. HP: 81/81 MP: 14/14
  8526 | D:10     | Entered Level 10 of the Dungeon
  8544 | D:10     | Noticed Psyche
  8550 | D:10     | Reached skill level 9 in Dodging
  8559 | D:10     | Killed Psyche
  8890 | D:10     | Noticed a two-headed ogre
  8912 | D:10     | Killed a two-headed ogre
  8913 | D:10     | Reached skill level 9 in Long Blades
  8956 | D:10     | Noticed Erolcha
  9025 | D:10     | Found Zetim's Assorted Antiques.
  9029 | D:10     | Bought a shiny peridot ring for 135 gold pieces
  9029 | D:10     | Bought an emerald potion for 24 gold pieces
  9035 | D:10     | Bought a scroll of identify for 54 gold pieces
  9133 | D:10     | Killed Erolcha
  9134 | D:10     | Reached skill level 10 in Dodging
  9270 | D:10     | Reached skill level 1 in Evocations
  9787 | D:10     | Reached skill level 2 in Evocations
  9801 | D:10     | Found a staircase to the Lair.
 10309 | D:11     | Noticed an obsidian statue
 10336 | D:11     | Reached skill level 10 in Long Blades
 10490 | D:11     | Reached XP level 11. HP: 86/86 MP: 15/15
 10626 | D:11     | Found a staircase to the Orcish Mines.
 10670 | D:11     | Noticed a two-headed ogre
 10694 | D:11     | Killed a two-headed ogre
 10695 | D:11     | Reached skill level 3 in Evocations
 10843 | D:11     | Identified 2 potions of resistance
 10909 | D:11     | Noticed an orange crystal statue
 10973 | D:11     | Noticed a two-headed ogre
 10997 | D:11     | Killed a two-headed ogre
 11348 | D:12     | Reached skill level 4 in Evocations
 11397 | D:12     | Reached skill level 11 in Dodging
 11776 | D:12     | Noticed a deep elf pyromancer
 11783 | D:12     | Killed a deep elf pyromancer
 11931 | D:12     | Noticed a boulder beetle
 11951 | D:12     | Killed a boulder beetle
 11952 | D:12     | Reached skill level 5 in Evocations
 12348 | Lair:1   | Entered Level 1 of the Lair of Beasts
 12358 | Lair:1   | Reached skill level 11 in Long Blades
 12683 | Lair:1   | Identified the +6 plate armour of the Jabberwock {+Blink
                  | Fly Dex+3 Stlth+}
 13225 | Lair:2   | Noticed a death yak
 13225 | Lair:2   | Noticed a death yak
 13225 | Lair:2   | Noticed a death yak
 13274 | Lair:1   | Killed a death yak
 13315 | Lair:2   | Reached skill level 6 in Evocations
 13324 | Lair:2   | Noticed a lindwurm
 13329 | Lair:2   | Noticed a lindwurm
 13345 | Lair:1   | Reached XP level 12. HP: 94/94 MP: 16/16
 13415 | Lair:2   | Reached skill level 12 in Dodging
 13805 | Lair:2   | Reached skill level 12 in Long Blades
 14029 | Lair:2   | Reached skill level 13 in Dodging
 14207 | Lair:2   | Noticed a catoblepas
 14211 | Lair:2   | Killed a catoblepas
 14627 | Lair:2   | Noticed Fannar
 14643 | Lair:2   | Killed Fannar
 14644 | Lair:2   | Reached skill level 13 in Long Blades
 14737 | Lair:2   | Learned a level 2 spell: Wereblood
 14737 | Lair:2   | Identified the +3 buckler "Ziwn" {+Inv Str+4 Slay+3}
 14755 | Lair:3   | Noticed a seven-headed hydra
 14762 | Lair:3   | Killed a seven-headed hydra
 14763 | Lair:3   | Reached skill level 1 in Transmutations
 14832 | Lair:3   | Found a hole to the Spider Nest.
 14916 | Lair:3   | Found a staircase to the Shoals.
 15633 | Lair:3   | Reached skill level 2 in Transmutations
 15869 | Lair:3   | Reached XP level 13. HP: 99/100 MP: 17/17
 15873 | Lair:3   | Reached skill level 3 in Transmutations
 15928 | Lair:3   | You fall into a shaft and drop 2 floors!
 15928 | Lair:5   | Entered Level 5 of the Lair of Beasts
 15985 | Lair:5   | Reached skill level 4 in Transmutations
 16561 | Lair:4   | Reached skill level 5 in Transmutations
 16650 | Lair:4   | Reached skill level 1 in Armour
 16777 | Lair:4   | Reached skill level 2 in Armour
 17142 | Lair:4   | Reached skill level 6 in Transmutations
 17143 | Lair:4   | Found a staircase to the Slime Pits.
 17174 | Lair:4   | Reached skill level 3 in Armour
 17305 | Lair:4   | Reached skill level 14 in Dodging
 18347 | Lair:5   | Reached skill level 4 in Armour
 18857 | Lair:5   | Reached skill level 5 in Armour
 18857 | Lair:5   | Reached XP level 14. HP: 96/107 MP: 17/20
 19067 | Lair:5   | Reached skill level 2 in Spellcasting
 19450 | Lair:5   | Reached skill level 7 in Evocations
 19467 | Lair:5   | Reached skill level 14 in Long Blades
 19956 | Lair:5   | Reached skill level 3 in Spellcasting
 20213 | Orc:1    | Entered Level 1 of the Orcish Mines
 20347 | Orc:2    | Entered Level 2 of the Orcish Mines
 20575 | Orc:2    | Found Mer Wint's Weapon Shop.
 20635 | Orc:1    | Noticed an orc warlord
 20655 | Orc:1    | Reached skill level 8 in Evocations
 21005 | Orc:2    | Found a staircase to the Elven Halls.
 21287 | Orc:2    | Found Ylad's General Store.
 21293 | Orc:2    | Bought a scroll of acquirement for 676 gold pieces
 21307 | Orc:2    | Found Edoipab's Assorted Antiques.
 21308 | Orc:2    | Found Saitsen's Antique Weapon Shop.
 21341 | Orc:2    | Bought a pair of glowing boots for 202 gold pieces
 21348 | Orc:2    | Bought a scroll of blinking for 202 gold pieces
 21508 | Orc:2    | Found Ebafriyx's Armour Boutique.
 21531 | Orc:2    | Reached skill level 4 in Spellcasting
 21748 | Orc:2    | Killed an orc warlord
 21962 | Orc:1    | You fall into a shaft and drop 1 floor!
 22039 | Orc:1    | Found a runed translucent door.
 22039 | Orc:1    | Noticed Xaih's ghost (journeyman MiFi)
 22310 | D:10     | Acquired the amulet "Gibrezif" {Acrobat rC+ rN+ Int+3}
 22549 | D:13     | Found a portal to a secret trove of treasure.
 22619 | D:13     | Reached skill level 9 in Evocations
 22647 | D:13     | Noticed Frances
 22918 | D:13     | Killed Frances
 23007 | D:13     | Noticed Josephine
 23027 | D:13     | Killed Josephine
 23180 | D:13     | Noticed Jorgrun
 23192 | D:13     | Killed Jorgrun
 24028 | D:13     | Found a gate to the Vaults.
 24564 | D:14     | Noticed Azrael
 24612 | D:14     | Killed Azrael
 24931 | D:14     | Reached skill level 15 in Dodging
 24931 | D:14     | Reached XP level 15. HP: 86/113 MP: 26/26
 25192 | D:14     | Reached skill level 5 in Spellcasting
 25372 | D:14     | Reached skill level 10 in Evocations
 25627 | D:15     | Entered Level 15 of the Dungeon
 25968 | D:15     | Noticed a storm dragon
 25971 | D:15     | Noticed Iluiwk's ghost (journeyman DrEE)
 25975 | D:15     | Found a runed translucent gate.
 25975 | D:15     | Found a runed translucent gate.
 25975 | D:15     | Found a runed translucent gate.
 26684 | D:15     | Found a staircase to the Depths.
 26771 | D:15     | Reached skill level 15 in Long Blades
 27766 | D:11     | Reached skill level 11 in Evocations
 27887 | Orc:1    | Killed Xaih's ghost
 28155 | D:9      | Bought a +1 ring mail of poison resistance for 143 gold
                  | pieces
 28378 | Spider:1 | Entered Level 1 of the Spider Nest
 28543 | Spider:1 | Reached skill level 6 in Spellcasting
 28888 | Spider:2 | Reached skill level 1 in Shields
 29481 | Spider:2 | Noticed Louise
 29895 | Spider:2 | Reached skill level 2 in Shields
 30329 | Spider:2 | Killed Louise
 30854 | Spider:3 | Reached XP level 16. HP: 122/122 MP: 29/29
 30904 | Spider:3 | HP: 11/122 [radroach (53)]
 31238 | Spider:3 | Reached skill level 6 in Stealth
 31771 | Spider:3 | Reached skill level 6 in Fighting
 31780 | Spider:3 | Reached skill level 3 in Shields
 31787 | Spider:3 | Reached skill level 16 in Dodging
 32055 | Spider:3 | Reached skill level 12 in Evocations
 32865 | Spider:4 | Entered Level 4 of the Spider Nest
 33861 | Spider:4 | HP: 8/124 [disintegration (51)]
 33869 | Spider:4 | HP: 3/124 [disintegration (6)]
 34276 | Spider:4 | Reached skill level 4 in Shields
 34578 | Spider:4 | Reached skill level 7 in Stealth
 34912 | Spider:4 | Got a gossamer rune of Zot
 35615 | Shoals:1 | Entered Level 1 of the Shoals
 36098 | Shoals:1 | Found a runed translucent gate.
 36099 | Shoals:1 | Found a runed translucent gate.
 36100 | Shoals:1 | Found a runed translucent gate.
 36101 | Shoals:1 | Noticed Valagong's ghost (adept MiFi)
 36101 | Shoals:1 | Noticed Xomnowas's ghost (journeyman HOFi)
 36742 | Shoals:1 | Identified the +0 robe "Jouck" {Dex+4}
 36996 | Shoals:2 | Reached skill level 7 in Fighting
 37258 | Shoals:2 | Reached XP level 17. HP: 132/132 MP: 30/30
 37603 | Shoals:3 | Found a transporter.
 37603 | Shoals:3 | Found a transporter.
 37810 | Shoals:3 | Noticed Polyphemus
 37812 | Shoals:3 | Found Suejous's Armour Emporium.
 37832 | Shoals:2 | Reached skill level 13 in Evocations
 38204 | Shoals:2 | Reached skill level 5 in Shields
 38289 | Shoals:2 | Killed Polyphemus
 38615 | Shoals:3 | Found a transporter.
 38616 | Shoals:3 | Found a transporter.
 38632 | Shoals:3 | Reached skill level 17 in Dodging
 38725 | Shoals:3 | Found a transporter.
 38726 | Shoals:3 | Found a transporter.
 39319 | Shoals:4 | Entered Level 4 of the Shoals
 39378 | Shoals:4 | Reached skill level 8 in Stealth
 39572 | Shoals:4 | Reached skill level 16 in Long Blades
 40726 | Shoals:4 | Reached skill level 8 in Fighting
 41337 | Shoals:4 | Got a barnacled rune of Zot
 41451 | Shoals:1 | Killed Valagong's ghost
 41456 | Shoals:1 | Killed Xomnowas's ghost
 41758 | Elf:1    | Entered Level 1 of the Elven Halls
 42026 | Elf:1    | Reached skill level 14 in Evocations
 42183 | Elf:1    | Learned a level 1 spell: Apportation
 42497 | Elf:1    | Got the Codex of Necromancy
 42519 | Elf:1    | Found a runed translucent gate.
 42519 | Elf:1    | Found a runed translucent gate.
 42519 | Elf:1    | Found a runed translucent gate.
 42522 | Elf:1    | Noticed Agnes
 42543 | Elf:1    | Killed Agnes
 42544 | Elf:1    | Reached skill level 1 in Translocations
 42720 | Elf:1    | Found Imog Gin's Assorted Antiques.
 42720 | Elf:1    | Noticed pokeman's ghost (adept DEHW)
 43227 | Elf:2    | Reached skill level 9 in Stealth
 43439 | Elf:2    | Reached XP level 18. HP: 108/143 MP: 31/31
 43604 | Elf:2    | Paralysed by an air elemental for 1 turns
 44116 | Elf:2    | Reached skill level 2 in Translocations
 44251 | Elf:2    | Found a runed translucent gate.
 44260 | Elf:2    | Found a runed translucent gate.
 44260 | Elf:2    | Found a runed translucent gate.
 44335 | Elf:2    | Reached skill level 18 in Dodging
 44932 | Elf:2    | Reached skill level 3 in Translocations
 45023 | Elf:2    | Reached skill level 9 in Fighting
 45783 | Elf:3    | Entered Level 3 of the Elven Halls
 45882 | Elf:3    | Noticed a Hell Sentinel
 46217 | Elf:3    | Noticed Mara
 46222 | Elf:3    | Identified the +1 battleaxe "Dodaec" {freeze, rCorr}
 46226 | Elf:3    | Noticed scionoferis's illusion
 47138 | Elf:3    | Identified the amulet of the Feral God {Spirit rC+ SInv}
 47157 | Elf:3    | Killed Mara
 47158 | Elf:3    | Reached skill level 15 in Evocations
 47183 | Elf:3    | Identified the amulet of the Mashing Gods {Faith Will+
                  | rCorr}
 47257 | Elf:3    | Reached skill level 4 in Translocations
 47284 | Elf:3    | Reached skill level 10 in Stealth
 47780 | Elf:3    | Identified the +11 trident "Qoel" {heavy, Dex+3}
 48031 | Elf:3    | Identified the +7 dagger "Kiehef" {heavy, Fragile rElec
                  | SInv}
 48416 | Elf:1    | Killed pokeman's ghost
 48564 | Elf:1    | Reached skill level 19 in Dodging
 48620 | Elf:1    | Bought a potion of heal wounds for 120 gold pieces
 49104 | D:15     | Killed Iluiwk's ghost
 49105 | D:15     | Reached skill level 10 in Fighting
 49252 | Vaults:1 | Entered Level 1 of the Vaults
 49383 | Vaults:1 | Reached XP level 19. HP: 150/151 MP: 32/32
 49538 | Vaults:1 | Reached skill level 11 in Stealth
 49651 | Vaults:1 | Identified the +3 trident of Qeajunor {freeze, rPois rC-
                  | Will+}
 50251 | Vaults:1 | Reached skill level 11 in Fighting
 51040 | Vaults:2 | Reached skill level 12 in Stealth
 51076 | Vaults:2 | Found a staircase to the Crypt.
 51169 | Vaults:2 | Found a crumbling gateway.
 51186 | Desolati | Entered the Desolation of Salt
 51340 | Desolati | Reached skill level 12 in Fighting
 51351 | Desolati | Reached skill level 20 in Dodging
 51560 | Desolati | Got the Vellum of Unlucky Cold
 51568 | Desolati | Got the Compilation of Jinxing and Space
 51569 | Desolati | Identified the +1 chain mail "Quarudd" {Int+4}
 51574 | Desolati | Learned a level 2 spell: Blink
 51994 | Desolati | Identified the +3 trident "Narugodd" {heavy, Will+}
 51996 | Desolati | Identified the +9 eveningstar of Kismet {protect, rElec
                  | rPois Str+2 Int-2 Stlth+}
 51999 | Desolati | Identified the amulet "Mootwiog" {Reflect rC++ Will+ SH+5}
 52153 | Desolati | Reached skill level 5 in Translocations
 52177 | Desolati | Reached XP level 20. HP: 166/170 MP: 33/33
 52185 | Desolati | Identified the ring of a Million Growing Yaks {rPois Dex+4}
 52202 | Desolati | Identified the ring of the Bedazzling Gods {+Blink rElec
                  | rPois rN+ Stlth+}
 53544 | Vaults:2 | Identified the +11 falchion "Wubipor" {flame, rCorr Str-2
                  | Dex+4}
 53885 | Vaults:2 | Found Tiysmiw's Weapon Emporium.
 53977 | Vaults:2 | Noticed Sojobo
 54097 | Vaults:2 | Killed Sojobo
 54098 | Vaults:2 | Reached skill level 6 in Translocations
 54233 | Vaults:2 | Reached skill level 13 in Fighting
 54451 | Vaults:3 | Noticed Asterion
 54648 | Vaults:3 | Killed Asterion
 55748 | Vaults:4 | Reached skill level 13 in Stealth
 55797 | Vaults:4 | Found a runed translucent gate.
 55797 | Vaults:4 | Found a runed translucent gate.
 55797 | Vaults:4 | Found a runed translucent gate.
 55807 | Vaults:4 | Noticed Qeunemit's ghost (adept GrFi)
 57049 | Vaults:4 | Found Zudghyec's Distillery.
 57349 | Vaults:4 | Reached skill level 21 in Dodging
 57588 | Vaults:4 | Identified the +7 quick blade of the Ancient Planets
                  | {flame, Contam +Blink rF- Dex+8}
 57588 | Vaults:4 | Identified the +2 ring mail "Iwnierov" {rF+ Str+3}
 57616 | Vaults:4 | Killed Qeunemit's ghost
 58082 | Crypt:1  | Entered Level 1 of the Crypt
 58152 | Crypt:1  | Reached skill level 14 in Fighting
 58164 | Vaults:2 | Reached XP level 21. HP: 174/179 MP: 35/35
 58307 | Crypt:1  | Learned a level 4 spell: Manifold Assault
 58391 | Crypt:1  | Reached skill level 14 in Stealth
 58605 | Crypt:1  | Reached skill level 17 in Long Blades
 59066 | Crypt:2  | Reached skill level 7 in Translocations
 59190 | Crypt:2  | Noticed Bai Suzhen
 59201 | Crypt:2  | Killed Bai Suzhen
 59266 | Crypt:2  | Noticed Jory
 59314 | Crypt:2  | Killed Jory
 59451 | Crypt:2  | Got the Catalogue of Transition
 59826 | Crypt:2  | Reached skill level 8 in Translocations
 59884 | Crypt:2  | Got Kikubaaqudgha's Incunable of Stolen Souls
 59890 | Crypt:2  | Learned a level 4 spell: Animate Dead
 60152 | Crypt:2  | Reached skill level 1 in Necromancy
 60482 | Crypt:3  | Entered Level 3 of the Crypt
 60516 | Crypt:3  | Noticed Xtahua
 60551 | Crypt:3  | Killed Xtahua
 60552 | Crypt:3  | Reached skill level 2 in Necromancy
 60587 | Crypt:3  | Noticed Zenata
 60599 | Crypt:3  | Killed Zenata
 60621 | Crypt:3  | Noticed a curse skull
 60631 | Crypt:3  | Noticed a curse toe
 60633 | Crypt:3  | Killed a curse skull
 60810 | Crypt:3  | Found the +8 demon blade "Leech" {evervamp, Harm Drain rN+}
 61114 | Crypt:3  | Reached skill level 3 in Necromancy
 61277 | Crypt:3  | Killed a curse toe
 61800 | Crypt:3  | Found a staircase to the Tomb.
 62143 | Depths:1 | Entered Level 1 of the Depths
 62156 | Depths:1 | Reached skill level 9 in Translocations
 62273 | Depths:1 | Reached XP level 22. HP: 191/191 MP: 36/36
 62288 | Depths:1 | Found a one-way gate to the infinite horrors of the Abyss.
 62298 | Depths:1 | Reached skill level 4 in Necromancy
 62472 | Depths:1 | Identified the +0 chain mail of Xom's Condemnation {rF+
                  | Str+2 Int-4}
 62580 | Depths:1 | Found a gateway to Hell.
 62712 | Depths:1 | Reached skill level 15 in Stealth
 62712 | Depths:1 | Reached skill level 5 in Necromancy
 62813 | Depths:1 | Reached skill level 15 in Fighting
 63155 | Depths:2 | Reached skill level 10 in Translocations
 63423 | Depths:2 | Found a one-way gate leading to the halls of Pandemonium.
 63482 | Depths:1 | Reached skill level 6 in Necromancy
 64315 | Depths:2 | Reached skill level 7 in Necromancy
 64395 | Depths:2 | Noticed a caustic shrike
 64403 | Depths:2 | Killed a caustic shrike
 64526 | Depths:2 | Noticed a juggernaut
 64550 | Depths:2 | Killed a juggernaut
 64551 | Depths:2 | Reached skill level 18 in Long Blades
 64908 | Depths:3 | Reached skill level 22 in Dodging
 64908 | Depths:3 | Reached skill level 8 in Necromancy
 65121 | Depths:3 | Noticed an ancient lich
 65146 | Depths:3 | Killed an ancient lich
 65314 | Depths:3 | Reached skill level 9 in Necromancy
 65376 | Depths:3 | Reached XP level 23. HP: 201/201 MP: 37/37
 65514 | Depths:3 | Found a one-way gateway to a ziggurat.
 65734 | Depths:3 | Found Xivuale's Antique Weapon Shop.
 65926 | Depths:4 | Entered Level 4 of the Depths
 65935 | Depths:4 | Noticed a caustic shrike
 65966 | Depths:4 | Noticed a caustic shrike
 65966 | Depths:4 | Noticed a caustic shrike
 65966 | Depths:4 | Noticed a caustic shrike
 65982 | Depths:3 | Killed a caustic shrike
 65987 | Depths:3 | Killed a caustic shrike
 66016 | Depths:4 | Noticed Boris
 66026 | Depths:3 | Killed a caustic shrike
 66080 | Depths:3 | Killed Boris
 66102 | Depths:3 | Killed a caustic shrike
 66209 | Depths:4 | Noticed a caustic shrike
 66209 | Depths:4 | Noticed a caustic shrike
 66210 | Depths:4 | Noticed a caustic shrike
 66210 | Depths:4 | Noticed a caustic shrike
 66224 | Depths:3 | Killed a caustic shrike
 66225 | Depths:3 | Reached skill level 16 in Fighting
 66227 | Depths:3 | Killed a caustic shrike
 66228 | Depths:3 | Reached skill level 10 in Necromancy
 66274 | Depths:4 | Noticed a caustic shrike
 66298 | Depths:3 | Killed a caustic shrike
 66356 | Depths:3 | Killed a caustic shrike
 66488 | Depths:3 | Killed a caustic shrike
 66761 | Depths:4 | Identified the +6 short sword "Ruuf" {flame, *Rage rC+
                  | rCorr Dex+4}
 66864 | Depths:4 | Found a gate to the Realm of Zot.
 67641 | D:15     | Learned a level 6 spell: Death Channel
 68636 | Slime:1  | Entered Level 1 of the Pits of Slime
 69415 | Slime:2  | Reached skill level 19 in Long Blades
 70576 | Slime:4  | Reached skill level 11 in Necromancy
 70755 | Slime:4  | Gained mutation: You are frail. (-10% HP) [a shining eye]
 70979 | Slime:5  | Entered Level 5 of the Pits of Slime
 71738 | Slime:5  | Noticed the Royal Jelly
 71758 | Slime:5  | Killed the Royal Jelly
 71759 | Slime:5  | Reached skill level 7 in Spellcasting
 71880 | Slime:5  | Found the +4 moon troll leather armour {Spirit, Regen++
                  | MP+5}
 71880 | Slime:5  | Found the amulet of Vitality {RegenMP++ Regen++}
 71882 | Slime:5  | Found the +3 Elemental Staff {rElec rF++ rC++ AC+5}
 71922 | Slime:5  | Reached XP level 24. HP: 190/190 MP: 38/38
 71972 | Slime:5  | Got a slimy rune of Zot
 72046 | Slime:5  | Identified the +3 quarterstaff of Reinforcement {chaos,
                  | rPois rF- Dex+3}
 72072 | Slime:5  | Identified the +1 leather armour of the Six Continents
                  | {+Inv rElec}
 72096 | Slime:5  | Identified the +7 spear of the Spectre {flame, Str+3}
 72106 | Slime:5  | Reached skill level 17 in Fighting
 72876 | Hell     | Entered the Vestibule of Hell
 72876 | Hell     | Noticed Geryon
 73153 | Depths:1 | Reached skill level 23 in Dodging
 73166 | Depths:1 | Reached skill level 12 in Necromancy
 74413 | Hell     | Killed Geryon
 74510 | Hell     | Found a gateway to the decaying netherworld of Tartarus.
 74834 | Hell     | Found a gateway to the ashen valley of Gehenna.
 74889 | Hell     | Found a gateway to the Iron City of Dis.
 75047 | Hell     | Found a gateway to the freezing wastes of Cocytus.
 75525 | Vaults:5 | Entered Level 5 of the Vaults
 75541 | Vaults:5 | Noticed a dread lich
 75548 | Vaults:5 | Reached skill level 8 in Spellcasting
 75562 | Vaults:5 | Killed a dread lich
 75656 | Vaults:5 | Reached skill level 13 in Necromancy
 75691 | Vaults:5 | Noticed a dread lich
 75704 | Vaults:5 | Killed a dread lich
 75732 | Vaults:5 | Identified the ring "Diuf" {rCorr Str+6}
 76040 | Vaults:5 | Reached skill level 20 in Long Blades
 76040 | Vaults:5 | Reached skill level 9 in Spellcasting
 76184 | Vaults:5 | Identified the +8 short sword of Spores {drain, rPois}
 76198 | Vaults:5 | Reached skill level 18 in Fighting
 76198 | Vaults:5 | Reached XP level 25. HP: 201/201 MP: 41/41
 76292 | Vaults:5 | Identified the +9 short sword of Uncertain Death {heavy,
                  | rPois rF++ Str+2 Int-5}
 76588 | Vaults:5 | Got Vodiucix's Teachings on Blasting
 76704 | Vaults:5 | Identified the +0 rapier of the Curious Spines {holy,
                  | rCorr}
 76835 | Vaults:5 | Got a silver rune of Zot
 76935 | Vaults:5 | Identified the +4 broad axe "Jellybane" {heavy, Str+2}
 77090 | Vaults:5 | Identified the +0 plate armour of Polish {Slay+3}
 79666 | Zot:1    | Entered Level 1 of the Realm of Zot
 79757 | Zot:1    | Found a runed translucent gate.
 79758 | Zot:1    | Found a runed translucent gate.
 79758 | Zot:1    | Found a runed translucent gate.
 79768 | Zot:1    | Noticed a curse toe
 79776 | Zot:1    | Killed a curse toe
 79841 | Zot:1    | Reached skill level 14 in Necromancy
 79962 | Zot:1    | Noticed an orb of fire
 79976 | Zot:1    | Killed an orb of fire
 79977 | Zot:1    | Reached skill level 10 in Spellcasting
 80854 | Zot:1    | Noticed an orb of fire
 80857 | Zot:1    | Killed an orb of fire
 80897 | Zot:1    | HP: 20/202 [green draconian/+0 war axe[a red draconian
                  | scorcher] (20)]
 81222 | Zot:1    | Reached skill level 24 in Dodging
 81712 | Zot:1    | Noticed an electric golem
 81721 | Zot:1    | Killed an electric golem
 81739 | Zot:1    | Reached skill level 19 in Fighting
 81803 | Zot:1    | Reached skill level 15 in Necromancy
 81937 | Zot:1    | Noticed a dread lich
 81938 | Zot:1    | Noticed an ancient lich
 81938 | Zot:1    | Noticed an ancient lich
 81939 | Zot:1    | Noticed an ancient lich
 81939 | Zot:1    | Noticed Meadakhi's ghost (master DgEE)
 82097 | Zot:1    | Killed a dread lich
 82103 | Zot:1    | Killed an ancient lich
 82112 | Zot:1    | Killed an ancient lich
 82131 | Zot:1    | Killed Meadakhi's ghost
 82143 | Zot:1    | Killed an ancient lich
 82144 | Zot:1    | Reached skill level 7 in Transmutations
 82164 | Zot:1    | Identified the +1 leather armour "Ryudwenk" {-Cast rElec
                  | Str+8}
 82178 | Zot:1    | Identified the +4 pair of gloves "Wiez" {Str+10 Int-5
                  | Stlth-}
 82181 | Zot:1    | Identified the ring of Vaawasin {Will+ MP+9 Int+3 SInv}
 82401 | D:15     | Learned a level 8 spell: Necromutation
 82842 | Zot:2    | Identified a +1 robe of the Archmagi
 83019 | Zot:2    | Reached skill level 8 in Transmutations
 83565 | Zot:3    | Reached skill level 9 in Transmutations
 83603 | Zot:2    | Reached XP level 26. HP: 205/212 MP: 43/43
 83697 | Zot:2    | Reached skill level 11 in Spellcasting
 83849 | Zot:3    | Identified the +3 chain mail of Tenacity {rF- Str+3 Dex+3}
 83875 | Zot:3    | Found a transporter.
 83878 | Zot:3    | Noticed scionoferis's ghost (veteran DgHs)
 83882 | Zot:3    | Noticed a dread lich
 83883 | Zot:3    | Found a transporter.
 84006 | Zot:3    | Identified the +3 war axe of Xusetucu {drain, rN+ rCorr}
 84422 | Zot:4    | Reached skill level 10 in Transmutations
 84671 | Zot:4    | Identified the +7 plate armour of Divine Intervention
                  | {rElec SInv Stlth+}
 84730 | Zot:4    | Noticed Vv
 84735 | Zot:4    | Reached skill level 16 in Necromancy
 84747 | Zot:4    | Killed Vv
 85293 | Zot:5    | Entered Level 5 of the Realm of Zot
 85323 | Zot:5    | Reached skill level 11 in Transmutations
 85344 | Zot:5    | Noticed a curse toe
 85353 | Zot:5    | Killed a curse toe
 85577 | Zot:5    | Noticed a curse toe
 85582 | Zot:5    | Killed a curse toe
 85714 | Zot:5    | Noticed an orb of fire
 85720 | Zot:5    | Noticed an orb of fire
 85721 | Zot:5    | Noticed an orb of fire
 85731 | Zot:5    | Gained mutation: You are weak. (Str -2) [an orb of fire]
 85737 | Zot:5    | Gained mutation: You occasionally lose the ability to read
                  | scrolls when taking damage. [an orb of fire]
 85738 | Zot:5    | Killed an orb of fire
 85740 | Zot:5    | Gained mutation: You sometimes lose the ability to read
                  | scrolls when taking damage. [an orb of fire]
 85749 | Zot:5    | Lost mutation: You have large cloven feet. [an orb of fire]
 85751 | Zot:5    | Killed an orb of fire
 85752 | Zot:5    | Reached skill level 12 in Transmutations
 85761 | Zot:5    | Gained mutation: Potions are less effective at restoring
                  | your health. [an orb of fire]
 85768 | Zot:5    | Killed an orb of fire
 85769 | Zot:5    | Reached skill level 12 in Spellcasting
 86236 | Zot:4    | Lost mutation: You sometimes lose the ability to read
                  | scrolls when taking damage. [potion of mutation]
 86236 | Zot:4    | Lost mutation: You are weak. (Str -2) [potion of mutation]
 86236 | Zot:4    | Lost mutation: You are partially covered in large bone
                  | plates. (SH +4) [potion of mutation]
 86236 | Zot:4    | Gained mutation: You have a considerably increased
                  | reservoir of magic. (+20% MP) [potion of mutation]
 86237 | Zot:4    | Lost mutation: You are frail. (-10% HP) [potion of
                  | mutation]
 86237 | Zot:4    | Lost mutation: Potions are less effective at restoring your
                  | health. [potion of mutation]
 86237 | Zot:4    | Gained mutation: You have sharp fingernails. [potion of
                  | mutation]
 86237 | Zot:4    | Gained mutation: You are partially covered in large bone
                  | plates. (SH +4) [potion of mutation]
 86237 | Zot:4    | Gained mutation: You are frail. (-10% HP) [potion of
                  | mutation]
 86237 | Zot:4    | Lost mutation: You are frail. (-10% HP) [potion of
                  | mutation]
 86238 | Zot:4    | Lost mutation: You have a considerably increased reservoir
                  | of magic. (+20% MP) [potion of mutation]
 86238 | Zot:4    | Lost mutation: You have sharp fingernails. [potion of
                  | mutation]
 86238 | Zot:4    | Gained mutation: You are robust. (+10% HP) [potion of
                  | mutation]
 86238 | Zot:4    | Lost mutation: You occasionally lose the ability to read
                  | scrolls when taking damage. [potion of mutation]
 88494 | Zot:5    | Noticed a dread lich
 88500 | Zot:5    | Noticed an electric golem
 88501 | Zot:5    | Killed a dread lich
 88542 | Zot:5    | Noticed an orb of fire
 88561 | Zot:5    | Killed an orb of fire
 88572 | Zot:5    | Noticed an ancient lich
 88822 | Zot:5    | Noticed an electric golem
 88828 | Zot:5    | Noticed an orb of fire
 88838 | Zot:5    | Gained mutation: You sometimes lose your temper in combat.
                  | [an orb of fire]
 88841 | Zot:5    | Gained mutation: You are dopey. (Int -2) [an orb of fire]
 88947 | Zot:5    | Noticed an ancient lich
 88972 | Zot:5    | Killed an ancient lich
 88981 | Zot:5    | Gained mutation: You have an uncontrollable temper. [an orb
                  | of fire]
 88982 | Zot:5    | Killed an orb of fire
 88983 | Zot:5    | Reached skill level 13 in Transmutations
 89209 | Zot:5    | Reached skill level 6 in Armour
 89285 | Zot:5    | Reached skill level 17 in Necromancy
 89395 | Zot:5    | Killed an electric golem
 89401 | Zot:5    | Noticed an ancient lich
 89408 | Zot:5    | Killed an ancient lich
 89434 | Zot:5    | Identified the +3 falchion of Charity {drain, rElec rF-
                  | Int+2}
 89465 | Zot:5    | Killed an ancient lich
 89584 | Zot:5    | Killed an electric golem
 90228 | Zot:3    | Lost mutation: You are partially covered in large bone
                  | plates. (SH +4) [potion of mutation]
 90228 | Zot:3    | Lost mutation: Your flesh is heat resistant. (rF+) [potion
                  | of mutation]
 90228 | Zot:3    | Gained mutation: Potions are less effective at restoring
                  | your health. [potion of mutation]
 90228 | Zot:3    | Gained mutation: Your body sometimes deteriorates upon
                  | taking damage. [potion of mutation]
 90229 | Zot:3    | Lost mutation: Your body sometimes deteriorates upon taking
                  | damage. [potion of mutation]
 90229 | Zot:3    | Lost mutation: You expend magic power (3 MP) to strengthen
                  | your wands. [potion of mutation]
 90229 | Zot:3    | Lost mutation: You have an uncontrollable temper. [potion
                  | of mutation]
 90229 | Zot:3    | Gained mutation: You have a pair of small antennae on your
                  | head. [potion of mutation]
 90229 | Zot:3    | Gained mutation: Your movements are slightly less
                  | encumbered by armour. (ER -2) [potion of mutation]
 90230 | Zot:3    | Lost mutation: Your movements are slightly less encumbered
                  | by armour. (ER -2) [potion of mutation]
 90230 | Zot:3    | Lost mutation: Potions are less effective at restoring your
                  | health. [potion of mutation]
 90230 | Zot:3    | Gained mutation: Your spells are a little harder to cast,
                  | but a little more powerful. [potion of mutation]
 90231 | Zot:3    | Lost mutation: You are robust. (+10% HP) [potion of
                  | mutation]
 90231 | Zot:3    | Lost mutation: You are dopey. (Int -2) [potion of mutation]
 90231 | Zot:3    | Gained mutation: Your movements are slightly less
                  | encumbered by armour. (ER -2) [potion of mutation]
 90231 | Zot:3    | Gained mutation: You passively map a small area around you.
                  | [potion of mutation]
 90232 | Zot:3    | Lost mutation: You passively map a small area around you.
                  | [potion of mutation]
 90232 | Zot:3    | Lost mutation: Your movements are slightly less encumbered
                  | by armour. (ER -2) [potion of mutation]
 90232 | Zot:3    | Gained mutation: You are somewhat resistant to further
                  | mutation. [potion of mutation]
 90233 | Zot:3    | Lost mutation: You are somewhat resistant to further
                  | mutation. [potion of mutation]
 90233 | Zot:3    | Lost mutation: You have a pair of small antennae on your
                  | head. [potion of mutation]
 90233 | Zot:3    | Gained mutation: Your spells are harder to cast, but more
                  | powerful. [potion of mutation]
 90233 | Zot:3    | Gained mutation: You are occasionally teleported next to
                  | monsters. [potion of mutation]
 90233 | Zot:3    | Gained mutation: Your system is resistant to poisons.
                  | (rPois) [potion of mutation]
 90234 | Zot:3    | Lost mutation: Your system is resistant to poisons. (rPois)
                  | [potion of mutation]
 90234 | Zot:3    | Lost mutation: You are occasionally teleported next to
                  | monsters. [potion of mutation]
 90234 | Zot:3    | Gained mutation: You are vulnerable to cold. (rC-) [potion
                  | of mutation]
 90234 | Zot:3    | Gained mutation: Your system is resistant to poisons.
                  | (rPois) [potion of mutation]
 90234 | Zot:3    | Gained mutation: A frigid envelope surrounds you and
                  | freezes all who hurt you. [potion of mutation]
 90234 | Zot:3    | Gained mutation: You have hidden genetic potential. [potion
                  | of mutation]
 90264 | Zot:3    | Killed a dread lich
 90265 | Zot:3    | Reached XP level 27. HP: 243/243 MP: 45/45
 90301 | Zot:3    | Reached skill level 14 in Transmutations
 90345 | Zot:3    | Reached skill level 7 in Armour
 90519 | Zot:3    | Identified the +5 chain mail of the Pleiades {Int+2}
 90769 | Zot:3    | Killed scionoferis's ghost
 90951 | Zig:1    | Entered Level 1 of a ziggurat
 90974 | Zig:2    | Entered Level 2 of a ziggurat
 91031 | Zig:3    | Entered Level 3 of a ziggurat
 91057 | Zig:4    | Entered Level 4 of a ziggurat
 91060 | Zig:4    | Noticed Riliut the pandemonium lord
 91078 | Zig:4    | Killed Riliut the pandemonium lord
 91079 | Zig:4    | Reached skill level 13 in Spellcasting
 91101 | Zig:4    | Lost mutation: Your system is resistant to poisons. (rPois)
                  | [potion of mutation]
 91101 | Zig:4    | Lost mutation: You have hidden genetic potential. [potion
                  | of mutation]
 91101 | Zig:4    | Lost mutation: You are vulnerable to cold. (rC-) [potion of
                  | mutation]
 91101 | Zig:4    | Gained mutation: You are frail. (-10% HP) [potion of
                  | mutation]
 91101 | Zig:4    | Gained mutation: You are agile. (Dex +4, Str/Int -1)
                  | [potion of mutation]
 91101 | Zig:4    | Gained mutation: You occasionally lose the ability to read
                  | scrolls when taking damage. [potion of mutation]
 91101 | Zig:4    | Lost mutation: You are frail. (-10% HP) [potion of
                  | mutation]
 91113 | Zig:5    | Entered Level 5 of a ziggurat
 91170 | Zig:6    | Entered Level 6 of a ziggurat
 91242 | Zig:7    | Entered Level 7 of a ziggurat
 91287 | Zig:7    | Paralysed by accursed screaming for 1 turns
 91438 | Zig:7    | Lost mutation: Your spells are harder to cast, but more
                  | powerful. [potion of mutation]
 91438 | Zig:7    | Lost mutation: A frigid envelope surrounds you and freezes
                  | all who hurt you. [potion of mutation]
 91448 | Zig:8    | Entered Level 8 of a ziggurat
 91532 | Zig:8    | Identified the +7 long sword "Aperya Onenk" {protect,
                  | Contam rN++}
 91562 | Zig:9    | Entered Level 9 of a ziggurat
 91679 | Zig:10   | Entered Level 10 of a ziggurat
 91687 | Zig:10   | Noticed a caustic shrike
 91691 | Zig:10   | Killed a caustic shrike
 91702 | Zig:10   | Reached skill level 8 in Armour
 91723 | Zig:10   | Reached skill level 15 in Transmutations
 91792 | Zig:10   | Identified the +4 robe "Nuybodam" {Int+3}
 91832 | Zig:10   | Lost mutation: You are agile. (Dex +4, Str/Int -1) [potion
                  | of mutation]
 91832 | Zig:10   | Lost mutation: You sometimes lose your temper in combat.
                  | [potion of mutation]
 91832 | Zig:10   | Gained mutation: You have a pair of small antennae on your
                  | head. [potion of mutation]
 91852 | Zig:11   | Entered Level 11 of a ziggurat
 91920 | Zig:11   | Identified a potion of experience
 91926 | Zig:11   | Identified the +7 chain mail of Suigong {Drain rC+ Regen+}
 91958 | Zig:11   | Identified the +0 great mace "Piuhogeg" {flame, Str+6
                  | Dex+4}
 91961 | Zig:11   | Got Parrun's Compendium of the Incendiary Rocks
 91980 | Zig:12   | Entered Level 12 of a ziggurat
 92034 | Zig:12   | Reached skill level 16 in Transmutations
 92184 | Zig:13   | Entered Level 13 of a ziggurat
 92211 | Zig:13   | Noticed a royal mummy
 92213 | Zig:13   | Noticed a royal mummy
 92217 | Zig:13   | Noticed a royal mummy
 92246 | Zig:13   | Killed a royal mummy
 92256 | Zig:13   | Killed a royal mummy
 92267 | Zig:13   | Killed a royal mummy
 92319 | Zig:13   | Identified the +3 arbalest "Atazyagi" {freeze, Will+ Int+4
                  | Dex+3}
 92358 | Zig:14   | Entered Level 14 of a ziggurat
 92365 | Zig:14   | Identified a +1 robe of resistance
 92366 | Zig:14   | Noticed a juggernaut
 92386 | Zig:14   | Reached skill level 9 in Armour
 92388 | Zig:14   | Killed a juggernaut
 92389 | Zig:14   | Reached skill level 18 in Necromancy
 92448 | Zig:14   | Reached skill level 17 in Transmutations
 92467 | Zig:14   | Identified the amulet "Zatsipug" {RegenMP Fly Str+2 Stlth-}
 92484 | Zig:14   | Identified the +4 dagger "Qosh" {holy, rElec Int+6}
 92486 | Zig:14   | Got Satip's Octavo of Wounds and the Xenotype
 92497 | Zig:14   | Identified the +4 demon whip of Annihilation {spect, rC-
                  | Str+2 Stlth+}
 92500 | Zig:14   | Identified the amulet "Juceid" {RegenMP rElec rF+++ Str-2
                  | SInv}
 92572 | Zig:15   | Entered Level 15 of a ziggurat
 92583 | Zig:15   | Noticed a caustic shrike
 92603 | Zig:16   | Entered Level 16 of a ziggurat
 92617 | Zig:16   | Noticed an orb of fire
 92643 | Zig:16   | Noticed an orb of fire
 92663 | Zig:16   | Noticed an orb of fire
 92665 | Zig:16   | Killed an orb of fire
 92678 | Zig:16   | Killed an orb of fire
 92684 | Zig:16   | Found the +7 Spriggan's Knife {stab, EV+4 Stlth+}
 92690 | Zig:16   | Identified the +4 war axe of the Lair of Beasts {protect,
                  | *Rage Fragile rN+++ Str+5}
 92699 | Zig:16   | Gained mutation: You are frail. (-10% HP) [an orb of fire]
 92730 | Depths:3 | Lost mutation: You occasionally lose the ability to read
                  | scrolls when taking damage. [potion of mutation]
 92730 | Depths:3 | Lost mutation: Your spells are a little harder to cast, but
                  | a little more powerful. [potion of mutation]
 92730 | Depths:3 | Lost mutation: You are frail. (-10% HP) [potion of
                  | mutation]
 92730 | Depths:3 | Gained mutation: You are resistant to electric shocks.
                  | (rElec) [potion of mutation]
 92730 | Depths:3 | Gained mutation: You are strong-willed. (Will+) [potion of
                  | mutation]
 94152 | D:13     | You paid a toll of 2 scrolls of acquirement to enter a
                  | treasure trove
 94153 | Trove    | Entered a treasure trove
 94155 | Trove    | Identified the ring of Seneextofag {rC+ Str+2}
 94157 | Trove    | Identified the ring "Qoffual" {rElec rF+}
 94159 | Trove    | Identified the amulet "Opuygh" {Acrobat Harm Will+ Dex+4}
 94175 | Trove    | Identified the ring "Koow" {Wiz rPois rF+}
 94666 | D:15     | Acquired the +1 scale mail of the Accordion {Fly rPois
                  | Slay+5}
 96017 | Depths:1 | Voluntarily entered the Abyss.
 96040 | Abyss:1  | Reached skill level 10 in Armour
 96044 | Abyss:1  | Reached skill level 14 in Spellcasting
 96829 | Abyss:1  | Learned a level 2 spell: Passwall
 96834 | Abyss:1  | Learned a level 4 spell: Passage of Golubria
 96867 | Abyss:1  | Noticed a dread lich
 96878 | Abyss:1  | Killed a dread lich
 96879 | Abyss:1  | Reached skill level 18 in Transmutations
 96902 | Abyss:1  | Noticed an ancient lich
 96911 | Abyss:1  | Killed an ancient lich
 96912 | Abyss:1  | Reached skill level 11 in Armour
 98073 | Abyss:2  | Noticed a dread lich
 98079 | Abyss:2  | Killed a dread lich
 98264 | Abyss:2  | Reached skill level 19 in Transmutations
 98476 | Abyss:2  | Noticed an ancient lich
 98481 | Abyss:2  | Killed an ancient lich
 98484 | Abyss:2  | Reached skill level 19 in Necromancy
 98704 | Abyss:2  | Noticed a dread lich
 98713 | Abyss:2  | Killed a dread lich
 98730 | Abyss:3  | Reached skill level 15 in Spellcasting
 98744 | Abyss:3  | Paralysed by accursed screaming for 1 turns
 98781 | Abyss:3  | Got an abyssal rune of Zot
 99334 | Abyss:3  | Reached skill level 20 in Transmutations
 99533 | Abyss:3  | Reached skill level 20 in Necromancy
 99571 | Abyss:3  | Reached skill level 2 in Ranged Weapons
 99674 | Abyss:3  | Reached skill level 3 in Ranged Weapons
 99891 | Abyss:3  | Noticed an ancient lich
 99899 | Abyss:3  | Killed an ancient lich
 99926 | Abyss:3  | Reached skill level 4 in Ranged Weapons
100113 | Abyss:4  | Reached skill level 5 in Ranged Weapons
100119 | Depths:1 | You pass through the gate.
100119 | Depths:1 | Escaped the Abyss
101772 | Tomb:1   | Entered Level 1 of the Tomb of the Ancients
102156 | Tomb:1   | Noticed a royal mummy
102171 | Tomb:1   | Killed a royal mummy
102364 | Tomb:1   | Reached skill level 6 in Ranged Weapons
102530 | Tomb:1   | Acquired a book of Alchemy
102538 | Tomb:1   | Learned a level 5 spell: Irradiate
103025 | Pan      | Entered Pandemonium
103372 | Pan      | Noticed Anlesan the pandemonium lord
103427 | Pan      | Killed Anlesan the pandemonium lord
103428 | Pan      | Reached skill level 7 in Ranged Weapons
103428 | Pan      | Reached skill level 16 in Spellcasting
103587 | Pan      | Found an exit through the horrors of the Abyss.
103856 | Pan      | Noticed Zunuyd the pandemonium lord
103896 | Pan      | Killed Zunuyd the pandemonium lord
103991 | Pan      | Got a demonic rune of Zot
104073 | Pan      | Reached skill level 8 in Ranged Weapons
104524 | Pan      | Entered the realm of Gloorx Vloq.
104562 | Pan      | Noticed a curse skull
104564 | Pan      | Killed a curse skull
104573 | Pan      | Noticed a curse skull
104585 | Pan      | Killed a curse skull
104601 | Pan      | Noticed Gloorx Vloq
104612 | Pan      | Killed Gloorx Vloq
104625 | Pan      | Got a dark rune of Zot
104686 | Pan      | Reached skill level 9 in Ranged Weapons
105012 | Pan      | Found an exit through the horrors of the Abyss.
105012 | Pan      | Noticed Mennas
105039 | Pan      | Killed Mennas
105768 | Pan      | Noticed Rut Gagu the pandemonium lord
105793 | Pan      | Killed Rut Gagu the pandemonium lord
105794 | Pan      | Reached skill level 21 in Transmutations
105799 | Pan      | Reached skill level 20 in Fighting
105891 | Pan      | Reached skill level 10 in Ranged Weapons
106204 | Pan      | Found an exit through the horrors of the Abyss.
106214 | Pan      | Reached skill level 21 in Necromancy
106231 | Pan      | Noticed Vitetetu the pandemonium lord
106239 | Pan      | Killed Vitetetu the pandemonium lord
106494 | Pan      | Acquired 1250 gold pieces
106663 | Depths:2 | You pass through the gate.
106663 | Depths:2 | Escaped Pandemonium
106674 | Pan      | Entered Pandemonium
106687 | Pan      | Paralysed by accursed screaming for 2 turns
106689 | Pan      | Killed from afar by a deep elf sorcerer

Vanquished Creatures
  the Royal Jelly (Slime:5)
  Gloorx Vloq (Pan)
  9 orbs of fire (Zot:1 Zot:5 Zig:16)
  8 dread liches (Vaults:5 Zot:1 Zot:5 Zot:3 Abyss:1)
  10 ancient liches (Depths:3 Zot:1 Zot:5 Abyss:1 Abyss:2)
  Mara (Elf:3)
  Mennas (Pan)
  2 juggernauts (Depths:2 Zig:14)
  The ghost of Meadakhi the Spry, a master DgEE (Zot:1)
  Boris (Depths:3)
  Sojobo (Vaults:2)
  4 royal mummies (Zig:13 Tomb:1)
  Vv (Zot:4)
  The ghost of scionoferis the Acrobat, a veteran DgHs (Zot:3)
  Bai Suzhen (Crypt:2)
  Xtahua (Crypt:3)
  5 pandemonium lords (Zig:4 Pan)
  4 Killer Klowns (Zot:1 Zot:4 Zot:5)
  Geryon (Hell)
  4 curse toes (Crypt:3 Zot:1 Zot:5)
  11 caustic shrikes (Depths:2 Depths:3 Zig:10)
  9 golden dragons (Depths:2 Vaults:5 Zot:1 Zot:2 Zot:4)
  2 profane servitors (Abyss:3)
  Jory (Crypt:2)
  12 bone dragons (Depths:4 Zot:3 Abyss:1 Abyss:2 Abyss:3)
  A Tzitzimitl (Pan)
  3 electric golems (Zot:1 Zot:5)
  A hellephant (Abyss:2)
  An iron giant (Zig:5)
  A Brimstone Fiend (Pan)
  Zenata (Crypt:3)
  A shard shrike zombie (Hell)
  29 tentacled monstrosities (Depths:2 Vaults:5 Zot:1 Zot:2 Zot:3)
  A walking crystal tome (Depths:2)
  Jorgrun (D:13)
  3 Hell Sentinels (Zig:10 Abyss:3 Pan)
  Asterion (Vaults:3)
  7 titans (Vaults:4 Vaults:5 Zig:5)
  The ghost of Qeunemit the Warrior, an adept GrFi of Okawaru (Vaults:4)
  9 liches (Crypt:2 Crypt:3 Depths:3 Abyss:3 Tomb:1)
  2 Ice Fiends (Pan)
  A tainted leviathan (Hell)
  A walking earthen tome (Depths:3)
  25 Orb Guardians (Zot:4 Zot:5)
  2 deep elf master archers (Elf:3)
  2 deep elf blademasters (Elf:3)
  26 acid blobs (Slime:1 Slime:2 Slime:3 Slime:5)
  9 quicksilver dragons (Vaults:5 Zot:1 Zot:2 Zot:4 Abyss:1)
  A walking frostbound tome (Depths:3)
  2 walking divine tomes (Depths:2 Depths:3)
  16 sphinxes (Shoals:4 Depths:3 Vaults:5 Zig:9 Tomb:1)
  Frances (D:13)
  17 Executioners (Zig:4 Abyss:3 Pan)
  Polyphemus (Shoals:2)
  27 tentacled starspawn (Zig:7 Abyss:1 Abyss:2 Abyss:3 Abyss:4)
  12 death cobs (Depths:4 Zot:1 Zot:3 Zot:4 Zot:5)
  Agnes (Elf:1)
  A storm dragon (shapeshifter) (Vaults:5)
  9 shadow dragons (Depths:3 Vaults:5 Zot:1 Zot:2 Zot:4)
  10 tengu reavers (Vaults:2 Vaults:4 Depths:1 Depths:2 Depths:3)
  The ghost of Valagong the Severer, an adept MiFi of Okawaru (Shoals:1)
  7 ancient champions (Vaults:2 Crypt:1 Crypt:3)
  16 storm dragons (D:15 Depths:3 Depths:4 Vaults:5 Zot:1)
  A thorn hunter (Zig:11)
  A demonspawn warmonger (Pan)
  15 azure jellies (Slime:2 Slime:1 Slime:3 Slime:4 Slime:5)
  6 revenants (Crypt:1 Crypt:2 Crypt:3 Abyss:3 Tomb:1)
  3 draconian monks (Zot:1 Zot:2 Zot:5)
  12 rockslimes (Slime:2 Slime:1 Slime:4 Slime:5)
  11 fire giants (Depths:1 Depths:2 Depths:3 Vaults:5 Zig:5)
  3 nagarajas (Zig:12)
  17 frost giants (Depths:1 Depths:2 Depths:3 Depths:4 Vaults:5)
  The ghost of pokeman the Sorcerer, an adept DEHW of Vehumet (Elf:1)
  The ghost of Xaih the Severer, a journeyman MiFi of Okawaru (Orc:1)
  2 daevas (Abyss:2 Abyss:3)
  5 emperor scorpions (Spider:4 Zig:8)
  16 vault wardens (Vaults:1 Vaults:2 Vaults:3 Vaults:4 Vaults:5)
  5 draconian knights (Zot:1 Zot:5 Zot:4)
  5 draconian scorchers (Zot:1 Zot:4 Zot:5 Abyss:3)
  The ghost of Iluiwk the Fencer, a journeyman DrEE of Sif Muna (D:15)
  7 deep elf sorcerers (Elf:2 Elf:3 Vaults:4 Abyss:1)
  9 balrugs (Zig:16 Abyss:1 Abyss:3 Pan)
  9 draconian shifters (Zot:1 Zot:2 Zot:3 Zot:5 Zig:3)
  3 quicksilver elementals (Zig:10)
  5 demonspawn blood saints (Zig:4 Pan)
  3 curse skulls (Crypt:3 Pan)
  An imperial myrmidon (Desolation)
  21 ironbound preservers (Vaults:1 Vaults:2 Vaults:3 Vaults:4 Vaults:5)
  10 ghost moths (Spider:2 Spider:4 Zot:1 Zot:4)
  10 draconian stormcallers (Depths:4 Zot:1 Zot:2 Zot:3 Zot:4)
  7 iron dragons (Depths:1 Depths:2 Hell Vaults:5 Zot:1)
  Louise (Spider:2)
  9 reapers (Hell Depths:1 Pan)
  A deep elf elementalist (Elf:3)
  12 ghouls (Crypt:1 Crypt:2)
  5 orc warlords (Orc:2 Vaults:1 Vaults:4 Zig:14)
  A juggernaut skeleton (Abyss:1)
  8 quicksilver oozes (Slime:1 Slime:2 Slime:4 Slime:5)
  25 very ugly things (Depths:1 Depths:2 Depths:3 Depths:4 Vaults:5)
  5 war gargoyles (Vaults:4 Zig:10)
  9 draconian annihilators (Depths:4 Zot:1 Zot:2 Zot:3 Zot:4)
  25 stone giants (Vaults:4 Depths:1 Depths:2 Depths:3 Depths:4)
  3 spriggan defenders (Depths:2 Depths:3)
  7 cacodemons (Abyss:1 Abyss:3 Pan)
  2 starflowers (Abyss:3)
  A caustic shrike skeleton (Crypt:2)
  4 broodmothers (Spider:2 Spider:3 Spider:4 Zig:2)
  6 vampire knights (Crypt:1 Crypt:2)
  2 putrid mouths (Depths:1 Hell)
  10 ironbound thunderhulks (Vaults:1 Vaults:2 Vaults:3 Vaults:4)
  5 lorocyprocas (Zig:4 Abyss:3 Pan)
  11 deep elf demonologists (Elf:2 Elf:3 Vaults:5 Zig:6)
  Azrael (D:14)
  15 purple draconians (Zot:1 Zot:2 Zot:3 Zot:4 Zot:5)
  5 demonspawn black suns (Zig:13 Pan)
  An eleionoma (Zig:11)
  14 dire elephants (Vaults:1 Vaults:2 Vaults:3)
  11 green draconians (Zot:1 Zot:2 Zot:3 Zot:5 Zig:3)
  12 red draconians (Depths:4 Zot:1 Zot:2 Zot:3 Zot:4)
  2 halazid warlocks (Desolation)
  13 white draconians (Depths:4 Zot:1 Zot:2 Zot:4 Zot:5)
  15 black draconians (Depths:4 Zot:1 Zot:2 Zot:3 Zot:4)
  16 yellow draconians (Depths:3 Depths:4 Zot:1 Zot:2 Zot:4)
  The ghost of Xomnowas the Fighter, a journeyman HOFi of Beogh (Shoals:1)
  7 deep elf annihilators (Elf:3)
  2 minotaurs (Vaults:4)
  3 spark wasps (Spider:4 Depths:1)
  2 bunyips (Zig:11)
  7 iron golems (Depths:1 Hell Zig:10)
  3 crystal guardians (Desolation)
  12 mummy priests (Crypt:2 Zig:13 Tomb:1)
  3 green deaths (Abyss:2 Pan)
  14 ettins (Vaults:4 Depths:1 Depths:2 Depths:3 Depths:4)
  A fire dragon (shapeshifter) (Vaults:5)
  11 deep elf death magi (Elf:1 Elf:3 Vaults:2 Crypt:1 Crypt:3)
  10 eidola (Vaults:2 Crypt:1 Crypt:2 Abyss:1 Abyss:3)
  Josephine (D:13)
  21 blizzard demons (Hell Depths:1 Abyss:2 Pan)
  A spectral golden dragon (Zot:3)
  7 ragged hierophants (Desolation)
  17 jiangshi (Vaults:2 Crypt:1 Crypt:2)
  5 merfolk impalers (Shoals:1 Shoals:2 Vaults:4 Depths:3)
  4 deep elf high priests (Elf:3 Depths:4 Vaults:5)
  3 spriggan zombies (Depths:3 Zig:13 Tomb:1)
  8 entropy weavers (Spider:2 Spider:3 Vaults:4 Zig:2 Zig:8)
  A shambling mangrove (Zig:11)
  2 merfolk javelineers (Shoals:4 Vaults:4)
  Fannar (Lair:2)
  7 rakshasas (Depths:1 Depths:2 Depths:3 Abyss:2 Abyss:3)
  16 yaktaur captains (Vaults:1 Vaults:2 Vaults:3 Vaults:4 Vaults:5)
  11 fire dragons (D:15 Depths:1 Depths:2 Depths:4 Zig:16)
  16 great orbs of eyes (Vaults:1 Vaults:2 Vaults:3 Vaults:4 Slime:1)
  4 hell beasts (Depths:1 Pan)
  11 ice dragons (D:15 Depths:1 Depths:3 Depths:4 Zot:1)
  A fenstrider witch zombie (Crypt:2)
  5 servants of whispers (Desolation)
  A ghost crab (Zig:11)
  2 jorogumos (Spider:2 Zig:8)
  22 vault guards (D:13 Vaults:1 Vaults:2 Vaults:5)
  7 hydras (Lair:3 Lair:5 D:15 Zig:11)
  6 ironbound frosthearts (Vaults:1 Vaults:2 Vaults:3 Vaults:4)
  2 ogre magi (Vaults:5)
  An anaconda (Zig:12)
  5 spriggan skeletons (Hell Zig:13 Abyss:1 Abyss:2 Pan)
  A salamander tyrant (Zig:12)
  2 juggernaut simulacra (Pan)
  Erolcha (D:10)
  2 alligator snapping turtles (Shoals:4)
  22 centaur warriors (D:13 D:14 D:15 Shoals:1 Vaults:1)
  2 merfolk avatars (Shoals:2 Shoals:3)
  3 spriggan air magi (Depths:2 Depths:3 Depths:4)
  6 catoblepae (Lair:2 Lair:5 D:14 Shoals:3)
  13 satyrs (Shoals:2 Shoals:3 Shoals:4)
  11 peacekeepers (Desolation Vaults:4)
  3 radroaches (Spider:2 Spider:3)
  3 merfolk aquamancers (Shoals:1 Shoals:3)
  A spectral draconian (Zot:3)
  A Killer Klown simulacrum (Zot:3)
  6 death scarabs (Zig:13 Tomb:1)
  A fenstrider witch skeleton (Pan)
  2 death knights (Crypt:3)
  31 dancing weapons (Elf:2 Elf:3 Elf:1)
  An alligator (Zig:11)
  10 boulder beetles (D:12 Lair:5 D:14 D:15 Spider:1)
  8 two-headed ogres (D:10 D:11 Orc:1 Vaults:5)
  2 tengu warriors (Depths:1 Depths:3)
  11 deep troll earth magi (Vaults:4 Depths:1 Depths:2 Depths:3 Depths:4)
  11 deep troll shamans (Depths:1 Depths:2 Depths:3 Depths:4)
  20 hell hogs (Hell Depths:1 Abyss:1 Abyss:2 Abyss:3)
  2 spectral storm dragons (Zot:3)
  10 vampire magi (Crypt:1 Crypt:2 Depths:1)
  An azure jelly zombie (Crypt:1)
  14 death yaks (Lair:1 Lair:2 Lair:4 Lair:5 Shoals:2)
  27 thrashing horrors (Zig:7 Abyss:1 Abyss:2 Abyss:3 Abyss:4)
  3 shock serpents (Zig:12)
  2 naga warriors (Zig:12)
  28 soul eaters (Vaults:2 Crypt:2 Crypt:3 Depths:1 Pan)
  3 orc high priests (Orc:2 Zig:14)
  6 spriggan berserkers (D:15 Depths:1 Depths:4)
  15 hell knights (Depths:1 Hell Vaults:5 Zig:9)
  A naga sharpshooter (Zig:12)
  A titan skeleton (Abyss:3)
  6 fire crabs (Zig:16)
  31 sun demons (Hell Depths:1 Abyss:1 Pan)
  18 deep elf knights (Elf:1 Elf:2 Elf:3 Zig:6)
  2 crystal echidnas (Zig:10)
  22 wretched stars (Zig:7 Abyss:1 Abyss:3)
  2 sun moths (Spider:4)
  4 pharaoh ants (Spider:2 Spider:3 Spider:4 Zig:8)
  7 sea snakes (Shoals:1 Shoals:2 Shoals:3 Shoals:4)
  A bunyip zombie (Crypt:2)
  15 iron trolls (Depths:1 Depths:2 Depths:3 Depths:4 Hell)
  51 skeletal warriors (D:14 D:15 Crypt:1 Vaults:2 Crypt:2)
  3 storm dragon skeletons (Zig:13 Abyss:2 Pan)
  A golden dragon zombie (Depths:2)
  6 shadow wraiths (Crypt:2 Zig:7 Pan)
  10 sixfirhies (Zig:7 Abyss:1 Abyss:2 Abyss:3 Pan)
  A spriggan druid (Zig:11)
  6 glowing orange brains (Depths:1 Abyss:1 Abyss:2 Abyss:3)
  4 swamp dragons (Zig:11)
  A spatial maelstrom (Abyss:2)
  4 flayed ghosts (Crypt:3 Depths:2 Depths:3)
  A death drake (shapeshifter) (Elf:2)
  76 deep trolls (Vaults:1 Vaults:2 Vaults:3 Vaults:4 Depths:1)
  A death drake (Abyss:3)
  2 obsidian statues (D:11 Elf:1)
  9 deep elf archers (Elf:1 Elf:2 Elf:3)
  A naga ritualist (Zig:12)
  8 orb spiders (Spider:2 Spider:3 Spider:4)
  A shadow demon (Pan)
  2 orange crystal statues (D:11 Zot:5)
  11 phantasmal warriors (Crypt:1 Crypt:2 Crypt:3 Vaults:5)
  3 anaconda skeletons (Hell Pan)
  A golden dragon skeleton (Zig:13)
  3 bog bodies (Crypt:1 Crypt:2)
  8 steelbarb worms (Spider:1 Spider:3 Spider:4 Zig:8)
  6 wizards (Vaults:1 Vaults:2 Vaults:3 Abyss:3)
  23 wolf spiders (Spider:2 Spider:3 Spider:4)
  33 harpies (Shoals:1 Shoals:3 Shoals:2 Shoals:4 Vaults:1)
  9 necromancers (Elf:1 Depths:1 Depths:3 Hell Abyss:3)
  20 deep elf zephyrmancers (Orc:2 Elf:1 Elf:2 Elf:3 Zig:6)
  8 lindwurms (Lair:2 Lair:4 Vaults:2)
  12 manticores (Lair:3 Lair:5 Shoals:1 Shoals:2 Shoals:3)
  17 ironbound convokers (Vaults:1 Desolation Vaults:2 Vaults:3 Vaults:4)
  5 oklob plants (Abyss:3)
  14 orc knights (Orc:2 Vaults:1 Vaults:4 Vaults:5 Zig:14)
  A wolf spider zombie (Crypt:3)
  A mana viper (Zig:12)
  10 cyclopes (D:11 D:12 Orc:2 D:13 D:14)
  2 will-o-the-wisps (Zig:11)
  59 large abominations (Elf:1 Zig:7 Abyss:1 Abyss:2 Abyss:3)
  9 worldbinders (Abyss:2 Abyss:3)
  2 iron dragon zombies (Crypt:2 Depths:3)
  9 shining eyes (Slime:2 Slime:3 Slime:4 Slime:5 Zig:7)
  23 fauns (Shoals:2 Shoals:3 Shoals:4)
  32 ugly things (D:14 Vaults:1 Vaults:2 Vaults:3 Depths:1)
  A shining eye (shapeshifter) (Zig:9)
  A sphinx skeleton (Depths:2)
  34 deep elf pyromancers (D:12 D:15 Orc:2 Elf:1 Elf:2)
  2 elephants (shapeshifter) (Depths:3 Zig:9)
  11 orc sorcerers (Orc:2 Elf:3 Elf:1 Vaults:5 Zig:14)
  29 moths of wrath (Spider:1 Spider:2 Spider:3 Spider:4 Zot:1)
  5 rust devils (Depths:1 Hell Abyss:3 Pan)
  19 smoke demons (Depths:1 Abyss:1 Abyss:2 Abyss:3 Pan)
  2 dire elephant zombies (Hell)
  9 guardian serpents (Desolation Abyss:3)
  9 elephants (Lair:2 Lair:5)
  2 naga zombies (Crypt:2 Abyss:3)
  8 black mambas (Lair:2 Lair:5 Lair:4 Zig:12)
  15 demonic crawlers (Spider:2 Spider:3 Spider:4 Abyss:2 Pan)
  A naga mage (Zig:12)
  18 vault sentinels (Vaults:1 Vaults:2 Vaults:3 Vaults:4 Vaults:5)
  A frost giant skeleton (Depths:2)
  5 water nymphs (Shoals:1 Shoals:3 Shoals:4)
  2 eyes of devastation (shapeshifter) (Zig:9)
  6 ice statues (Hell Pan)
  5 apocalypse crabs (Abyss:1 Abyss:2 Abyss:3)
  5 torpor snails (Lair:3 Spider:3 Spider:4)
  A torpor snail (shapeshifter) (Vaults:5)
  5 merfolk sirens (Shoals:2 Shoals:3 Shoals:4)
  7 molten gargoyles (Depths:1 Hell)
  13 orange demons (Abyss:1 Abyss:3 Pan)
  A naga skeleton (Pan)
  19 cane toads (Lair:1 Lair:2 Lair:3 Lair:5 Lair:4)
  A yellow draconian zombie (Crypt:1)
  7 eyes of devastation (Slime:4 Slime:5 Zig:13 Abyss:3)
  A rime drake (Lair:4)
  59 yaktaurs (D:13 Vaults:1 Vaults:2 Vaults:3 Vaults:4)
  2 centaur skeletons (Hell Pan)
  2 dire elephant skeletons (Tomb:1 Pan)
  11 freezing wraiths (D:15 Crypt:1 Hell Depths:1 Vaults:5)
  A kobold demonologist (D:10)
  11 komodo dragons (D:10 Lair:1 Lair:2 Lair:3 Lair:4)
  2 unseen horrors (D:12)
  A purple draconian zombie (Crypt:1)
  A sea snake zombie (Hell)
  7 hellions (Hell Abyss:3 Pan)
  An alligator snapping turtle skeleton (Abyss:3)
  A yaktaur (shapeshifter) (D:13)
  Psyche (D:10)
  2 tengu conjurers (D:15 Depths:2)
  7 ice devils (Depths:1 Pan)
  8 efreet (D:14 D:15 Zig:16 Abyss:1 Abyss:3)
  An anaconda simulacrum (Abyss:2)
  9 tormentors (Hell Depths:1 Abyss:2 Abyss:3 Abyss:4)
  21 ancient zymes (Zig:7 Abyss:1 Abyss:2 Abyss:3)
  2 red devils (Pan)
  A hydra zombie (Abyss:3)
  A purple draconian skeleton (Crypt:3)
  9 merfolk (Shoals:1 Shoals:2 Shoals:3 Shoals:4)
  16 guardian mummies (Zot:1 Zig:13 Tomb:1)
  8 hellwings (Abyss:1 Abyss:2 Pan)
  3 meliai (Spider:2 Spider:3)
  12 trolls (D:10 D:12 Orc:1 Orc:2 Zig:14)
  A minotaur skeleton (Crypt:1)
  7 polar bears (Lair:4 Lair:5)
  A harpy zombie (Abyss:2)
  64 saltlings (Orc:2 Desolation)
  4 wind drakes (Lair:3 Shoals:1)
  26 tarantellas (Spider:1 Spider:2 Spider:3 Spider:4 Zig:8)
  6 hornets (D:9 Depths:3 Zig:11)
  2 hydra skeletons (Hell Pan)
  26 raiju (Abyss:1 Abyss:2 Abyss:3)
  23 blink frogs (Lair:2 Lair:4 Abyss:1 Abyss:2)
  6 dream sheep (Lair:3)
  3 harpy skeletons (Tomb:1 Pan)
  A raiju (shapeshifter) (Zig:9)
  8 snapping turtles (Shoals:1 Shoals:2 Shoals:3)
  An iron dragon simulacrum (Depths:3)
  3 alligator zombies (Crypt:3 Hell)
  An alligator skeleton (Hell)
  22 culicivoras (Spider:2 Spider:3 Spider:4 Zig:2 Zig:8)
  A culicivora (shapeshifter) (Zig:1)
  27 jumping spiders (Spider:1 Spider:2 Spider:3 Spider:4 Zig:8)
  Sigmund (D:3)
  14 flying skulls (Crypt:1 Crypt:3 Tomb:1)
  2 ettin zombies (Hell)
  3 ushabtiu (Zig:13 Tomb:1)
  An ice dragon skeleton (Crypt:3)
  95 slime creatures (D:12 D:13 Vaults:1 Vaults:2 Vaults:3)
  3 spriggans (Depths:3)
  7 shadows (D:9 D:10 D:11 D:13 Abyss:3)
  31 ynoxinuls (Abyss:1 Abyss:2 Abyss:3 Pan)
  2 air elementals (Elf:2)
  52 yaks (D:9 Lair:1 Lair:2 Lair:5 Lair:4)
  A vampire (Abyss:3)
  14 water elementals (D:14 Shoals:1 Shoals:2 Shoals:3 Elf:1)
  8 wyverns (D:7 D:9 D:10 Lair:2 Lair:4)
  3 fire bats (Abyss:1 Abyss:3)
  49 starcursed masses (Zig:7 Abyss:1 Abyss:2 Abyss:3 Abyss:4)
  12 wraiths (D:11 D:12 D:13 Vaults:2 Crypt:2)
  7 fire elementals (D:14 Elf:2 Elf:3 Zig:16)
  A black mamba skeleton (Pan)
  A slime creature zombie (Crypt:2)
  9 basilisks (D:10 D:11 D:12 Lair:1 Lair:2)
  6 golden eyes (Slime:2)
  12 neqoxecs (Abyss:1 Abyss:2 Abyss:3)
  52 redbacks (Spider:1 Spider:2 Spider:3 Spider:4 Zig:8)
  23 chaos spawn (Zig:1 Abyss:1 Abyss:2 Abyss:3 Pan)
  8 wargs (Orc:1 Orc:2 Zig:14)
  A warg (shapeshifter) (Vaults:5)
  2 harpy simulacra (Hell Abyss:1)
  2 spatial vortices (Abyss:2)
  12 water moccasins (D:9 Lair:2 Lair:5 Lair:3 Lair:4)
  A merfolk skeleton (Crypt:2)
  3 acid dragons (D:9 D:10 D:14)
  A two-headed ogre zombie (Crypt:1)
  A glowing shapeshifter skeleton (Zig:13)
  An acid dragon (shapeshifter) (Vaults:5)
  3 hydra simulacra (Hell)
  7 hell hounds (D:14 Zig:16 Abyss:1)
  A demonspawn skeleton (Pan)
  2 floating eyes (Depths:2 Zig:13)
  An elephant zombie (Crypt:1)
  2 sky beasts (Abyss:1 Abyss:3)
  33 orc warriors (D:9 D:11 Orc:1 Orc:2 D:10)
  An ice beast (D:8)
  18 ogres (D:11 Orc:1 Orc:2 Vaults:5 Zig:14)
  A black bear (shapeshifter) (Abyss:3)
  An alligator simulacrum (Hell)
  2 black bears (D:6 Lair:2)
  13 wolves (Lair:1 Lair:3 Lair:5)
  12 centaurs (D:8 D:9 D:13 D:14)
  A phantom (D:4)
  A komodo dragon zombie (Crypt:2)
  A fire crab zombie (Crypt:2)
  4 kobold brigands (D:5 D:10 D:13)
  5 elf zombies (Ossuary Elf:1)
  A vine stalker zombie (Crypt:3)
  10 bullfrogs (D:7 Lair:1 Lair:2 Lair:3 Lair:4)
  8 necrophages (D:6 D:7 D:8 Crypt:1 Crypt:2)
  A yaktaur skeleton (Crypt:3)
  An elf skeleton (Crypt:3)
  A deep troll simulacrum (Tomb:1)
  4 earth elementals (Elf:1 Elf:3 Zig:6 Abyss:2)
  6 scorpions (D:4 D:6 Lair:3)
  8 wights (D:5 D:7)
  42 small abominations (Abyss:1 Abyss:2 Abyss:3 Abyss:4)
  A troll zombie (Crypt:1)
  A polar bear zombie (Crypt:2)
  An electric eel (Elf:3)
  4 howler monkeys (D:5 D:7 D:10)
  4 centaur zombies (Ossuary Crypt:2 Hell)
  A crimson imp (Abyss:3)
  7 quasits (Abyss:1 Abyss:2 Abyss:3)
  2 iron imps (Abyss:1)
  4 jellies (D:4 D:5 D:7)
  Crazy Yiuf (D:3)
  4 gnoll boudas (D:5 D:6 D:7 Orc:1)
  8 orc priests (D:6 D:7 D:9 D:11 Orc:2)
  A hound (D:7)
  A bullfrog skeleton (Crypt:3)
  22 orc wizards (D:6 D:7 D:8 D:9 D:11)
  6 iguanas (D:4 D:5 D:6 D:7)
  7 hell rats (Hell Depths:1)
  An ice beast zombie (Crypt:1)
  A deep dwarf skeleton (Crypt:2)
  19 mummies (Ossuary Zig:13 Tomb:1)
  19 gnolls (D:5 D:6 D:7 Orc:2 Orc:1)
  10 adders (D:2 D:3 D:4 D:6 D:9)
  A steam dragon zombie (Crypt:2)
  5 shadow imps (D:6 D:8 Abyss:1)
  7 white imps (D:7 Abyss:1 Abyss:2)
  15 ufetubi (Abyss:1 Abyss:2 Abyss:3)
  An adder zombie (Ossuary)
  2 worms (Lair:3)
  4 dart slugs (D:1 D:2 D:4 D:5)
  44 orcs (D:5 D:6 D:7 D:9 D:11)
  5 bats (D:1 D:3)
  A bat zombie (Crypt:3)
  10 endoplasms (D:1 D:2 D:3)
  4 giant cockroaches (D:3 D:4 Lair:3)
  8 goblins (D:1 D:2 D:4 D:11)
  12 hobgoblins (D:1 D:2 D:4 D:3 D:11)
  8 jackals (D:1 D:2)
  2 quokkas (D:2 D:3)
  8 ball pythons (D:1 D:2 D:4 D:9)
  A ball python (shapeshifter) (Vaults:3)
  An endoplasm zombie (Crypt:2)
  11 hobgoblin zombies (Ossuary)
  17 kobolds (D:1 D:2 D:4 D:6 D:5)
  A kobold skeleton (Crypt:1)
  11 kobold zombies (Ossuary)
  5 orc zombies (Ossuary)
  7 rats (D:1 D:2 D:3)
  3 rat zombies (Ossuary)
  2 bushes (Lair:2)
  4 lurking horrors (Abyss:1 Abyss:2 Abyss:3)
  12 starspawn tentacles (Zig:7 Abyss:1 Abyss:2 Abyss:3)
3606 creatures vanquished.

Vanquished Creatures (collateral kills)
  A tentacled monstrosity (Vaults:5)
  2 titans (Vaults:5)
  3 nagarajas (Zig:12)
  A fire giant (Vaults:5)
  A war gargoyle (Vaults:5)
  A stone giant (Vaults:5)
  3 ettins (Vaults:5)
  A mummy priest (Tomb:1)
  8 vault guards (Vaults:5)
  An ogre mage (Vaults:5)
  2 two-headed ogres (Vaults:5 Zig:14)
  A death scarab (Tomb:1)
  A spriggan skeleton (Pan)
  A naga sharpshooter (Zig:12)
  4 deep trolls (Vaults:5)
  An orb spider (Zig:8)
  An ironbound convoker (Vaults:5)
  2 phantasmal warriors (Vaults:5)
  A salamander (Zig:12)
  A moth of wrath (Zig:14)
  2 black mambas (Zig:12)
  A torpor snail (Zig:8)
  2 yaktaurs (Vaults:5)
  A freezing wraith (Vaults:5)
  An efreet (Zig:16)
  A guardian mummy (Tomb:1)
  2 fire elementals (Zig:16)
  3 orc warriors (Zig:14)
  An orc wizard (Zig:14)
51 creatures vanquished.

Vanquished Creatures (others)
  A fire giant (Zig:16)
  An imperial myrmidon (Desolation)
  A blizzard demon (Pan)
  A quicksilver dragon zombie (Vaults:5)
  A fire dragon (Zig:16)
  A centaur warrior (D:15)
  A dancing weapon (Zig:6)
  A deep elf knight (Elf:2)
  A sun demon (Pan)
  A sphinx zombie (Vaults:5)
  A tengu zombie (Vaults:5)
  A deep elf zephyrmancer (Elf:2)
  A stone giant zombie (Vaults:5)
  3 fire giant zombies (Zig:16)
  A manticore (D:14)
  A death scarab zombie (Tomb:1)
  A cyclops (D:15)
  A moth of wrath (Zot:3)
  A black mamba (Zig:12)
  A bloated husk (Zig:11)
  25 human zombies (Vaults:5)
  A saltling (Desolation)
  An ettin zombie (Vaults:5)
  4 fire dragon zombies (Vaults:5 Zig:16)
  2 ynoxinuls (Pan)
  A centaur simulacrum (D:14)
  A culicivora (shapeshifter) (Abyss:1)
  A chaos spawn (Abyss:3)
  3 deep troll zombies (Vaults:5)
  A two-headed ogre zombie (Vaults:5)
  An ogre zombie (Vaults:5)
  A centaur (D:14)
  4 fire crab zombies (Zig:16)
  3 yaktaur zombies (Vaults:5)
  A hell hound zombie (Zig:16)
  A crimson imp (Abyss:3)
  A quasit (Abyss:3)
  5 hell rats (Hell)
  10 bushes (Lair:2)
  A butterfly (Depths:4)
  6 foxfires (Zig:11)
  14 fungi (Lair:1 Lair:2 Lair:3 Lair:4 Lair:5)
  7 pillars of salt (Orc:2)
  66 plants (Lair:1 Lair:2 Lair:3 Lair:4 Lair:5)
  35 starspawn tentacles (Zig:7 Abyss:1 Abyss:2 Abyss:3 Abyss:4)
218 creatures vanquished.

Grand Total: 3875 creatures vanquished

Table legend: (Time is in decaauts)
 A = Elapsed time spent in this place.
 B = Non-inter-level travel time spent in this place.
 C = Inter-level travel time spent in this place.
 D = Time resting spent in this place.
 E = Time spent auto-exploring this place.
 F = Levels seen in this place.
 G = Mean time per level.
                   A        B        C        D        E       F      G
               +--------+--------+--------+--------+--------+-----+--------+
         Total | 104487 |  80301 |  24186 |  14368 |  34566 |  86 | 1215.0 |
       Dungeon |  27665 |  15963 |  11702 |   2124 |   9696 |  15 | 1844.3 |
          Lair |   8202 |   6298 |   1904 |    888 |   3640 |   5 | 1640.4 |
        Shoals |   5638 |   5112 |    526 |   2168 |    302 |   4 | 1409.5 |
   Spider Nest |   6212 |   5775 |    437 |   1545 |   2744 |   4 | 1553.0 |
    Slime Pits |   3968 |   3534 |    434 |    641 |   1474 |   5 |  793.6 |
  Orcish Mines |   2733 |   2181 |    552 |    889 |    784 |   2 | 1366.5 |
   Elven Halls |   6073 |   5211 |    862 |   1381 |   2184 |   3 | 2024.3 |
        Vaults |  10692 |   7369 |   3323 |    382 |   4703 |   5 | 2138.4 |
         Crypt |   3801 |   3338 |    463 |    507 |   1737 |   3 | 1267.0 |
          Tomb |    824 |    715 |    109 |     13 |    232 |   1 |  824.0 |
        Depths |   9222 |   6640 |   2582 |   2150 |   2514 |   4 | 2305.5 |
          Hell |    829 |    775 |     54 |     37 |    289 |   1 |  829.0 |
           Zot |   8119 |   6884 |   1235 |    929 |   2714 |   5 | 1623.8 |
         Abyss |   3755 |   3755 |      0 |      6 |      0 |   4 |  938.8 |
   Pandemonium |   3639 |   3639 |      0 |     24 |   1390 |   6 |  606.5 |
      Ziggurat |   1629 |   1629 |      0 |    346 |     49 |  16 |  101.8 |
         Trove |     29 |     29 |      0 |      0 |      0 |   1 |   29.0 |
       Ossuary |    372 |    372 |      0 |      0 |    113 |   1 |  372.0 |
    Desolation |   1078 |   1078 |      0 |    334 |      0 |   1 | 1078.0 |
               +--------+--------+--------+--------+--------+-----+--------+

Top non-repeatable levels by time:
    D:10: 6316 daAuts
Depths:1: 3928 daAuts
Vaults:1: 3540 daAuts
    D:15: 3450 daAuts
    D:13: 3073 daAuts
    D:14: 2358 daAuts
Spider:2: 2346 daAuts
   Elf:3: 2334 daAuts
   Elf:2: 2307 daAuts
   Zot:5: 2303 daAuts
    D:11: 2114 daAuts
Vaults:3: 2040 daAuts
  Lair:5: 2009 daAuts
   Orc:2: 1974 daAuts
   Zot:1: 1971 daAuts

Table legend:
 A = Non-vault XP
 B = Vault XP
 C = Vault XP percentage of total XP
 D = Non-vault monster count
 E = Vault monster count
 F = Vault count percentage of total count
                 A         B        C        D         E       F
            +---------+---------+-------+---------+---------+-------
      Total | 1500000 |  973847 |  39.4 |    2540 |    1087 |  30.0
            +---------+---------+-------+---------+---------+-------
        D:1 |      50 |       7 |  12.3 |      27 |       5 |  15.6
        D:2 |      69 |       0 |   0.0 |      19 |       0 |   0.0
        D:3 |      68 |     264 |  79.5 |      13 |       2 |  13.3
        D:4 |     299 |       0 |   0.0 |      17 |       0 |   0.0
        D:5 |     939 |       0 |   0.0 |      27 |       0 |   0.0
        D:6 |     583 |       0 |   0.0 |      26 |       0 |   0.0
        D:7 |    1196 |       0 |   0.0 |      26 |       0 |   0.0
        D:8 |     366 |       0 |   0.0 |       5 |       0 |   0.0
        D:9 |    2344 |     174 |   6.9 |      20 |       3 |  13.0
       D:10 |    3128 |    2510 |  44.5 |      15 |       8 |  34.8
       D:11 |    3123 |    2132 |  40.6 |      11 |      21 |  65.6
       D:12 |    4718 |       0 |   0.0 |      14 |       0 |   0.0
       D:13 |    4593 |    6602 |  59.0 |      14 |      12 |  46.2
       D:14 |    6996 |    4247 |  37.8 |      14 |      13 |  48.1
       D:15 |   20647 |    8121 |  28.2 |      29 |      10 |  25.6
     Lair:1 |    3788 |     799 |  17.4 |      18 |       1 |   5.3
     Lair:2 |    9994 |    5409 |  35.1 |      34 |       8 |  19.0
     Lair:3 |    4682 |    1635 |  25.9 |      19 |      10 |  34.5
     Lair:4 |   11652 |    1506 |  11.4 |      38 |       5 |  11.6
     Lair:5 |   15829 |   13139 |  45.4 |      45 |      27 |  37.5
   Shoals:1 |   13006 |    2410 |  15.6 |      30 |       2 |   6.2
   Shoals:2 |   13649 |    3140 |  18.7 |      24 |       3 |  11.1
   Shoals:3 |   18370 |     851 |   4.4 |      35 |       1 |   2.8
   Shoals:4 |    1371 |   29626 |  95.6 |       3 |      43 |  93.5
   Spider:1 |    5600 |       0 |   0.0 |      16 |       0 |   0.0
   Spider:2 |   23595 |    1425 |   5.7 |      66 |       2 |   2.9
   Spider:3 |   18844 |       0 |   0.0 |      46 |       0 |   0.0
   Spider:4 |   14132 |   18956 |  57.3 |      34 |      37 |  52.1
    Slime:1 |   13087 |       0 |   0.0 |      14 |       0 |   0.0
    Slime:2 |   16710 |   11855 |  41.5 |      42 |      11 |  20.8
    Slime:3 |   11528 |       0 |   0.0 |      22 |       0 |   0.0
    Slime:4 |    7881 |       0 |   0.0 |      18 |       0 |   0.0
    Slime:5 |   10070 |   25826 |  71.9 |      15 |      17 |  53.1
      Orc:1 |    3255 |    1270 |  28.1 |      24 |       1 |   4.0
      Orc:2 |    5264 |   11337 |  68.3 |      36 |      32 |  47.1
      Elf:1 |    8082 |   11220 |  58.1 |      14 |      17 |  54.8
      Elf:2 |   21664 |   27899 |  56.3 |      35 |      37 |  51.4
      Elf:3 |   16267 |   34231 |  67.8 |      25 |      28 |  52.8
   Vaults:1 |   29095 |   27475 |  48.6 |      46 |      35 |  43.2
   Vaults:2 |   20479 |   35151 |  63.2 |      31 |      42 |  57.5
   Vaults:3 |   18038 |   16657 |  48.0 |      31 |      20 |  39.2
   Vaults:4 |   34923 |   24446 |  41.2 |      46 |      27 |  37.0
   Vaults:5 |   29632 |  119665 |  80.2 |      53 |     102 |  65.8
    Crypt:1 |   43049 |    1857 |   4.1 |      63 |       2 |   3.1
    Crypt:2 |   25103 |   28493 |  53.2 |      38 |      28 |  42.4
    Crypt:3 |   16000 |   22073 |  58.0 |      27 |      15 |  35.7
     Tomb:1 |    3386 |   31676 |  90.3 |      16 |      35 |  68.6
   Depths:1 |   70887 |   25809 |  26.7 |      91 |      36 |  28.3
   Depths:2 |   27516 |   31301 |  53.2 |      31 |      24 |  43.6
   Depths:3 |   72862 |   21225 |  22.6 |      64 |      13 |  16.9
   Depths:4 |   18174 |   16957 |  48.3 |      20 |      15 |  42.9
       Hell |   22400 |   15070 |  40.2 |      32 |      23 |  41.8
      Zot:1 |   50390 |   56366 |  52.8 |      39 |      29 |  42.6
      Zot:2 |   56073 |       0 |   0.0 |      47 |       0 |   0.0
      Zot:3 |   18711 |   26041 |  58.2 |      15 |      15 |  50.0
      Zot:4 |   38109 |   18922 |  33.2 |      34 |      11 |  24.4
      Zot:5 |   41535 |   95809 |  69.8 |      31 |      38 |  55.1
    Abyss:1 |   77954 |       0 |   0.0 |     155 |       0 |   0.0
    Abyss:2 |   75787 |     893 |   1.2 |     110 |       5 |   4.3
    Abyss:3 |  118706 |   12511 |   9.5 |     205 |      17 |   7.7
    Abyss:4 |    9856 |       0 |   0.0 |      16 |       0 |   0.0
        Pan |  104485 |   72344 |  40.9 |     143 |      67 |  31.9
      Zig:1 |     405 |       0 |   0.0 |       2 |       0 |   0.0
      Zig:2 |    2227 |       0 |   0.0 |       3 |       0 |   0.0
      Zig:3 |    3345 |       0 |   0.0 |       3 |       0 |   0.0
      Zig:4 |    4584 |       0 |   0.0 |       4 |       0 |   0.0
      Zig:5 |    6003 |       0 |   0.0 |       4 |       0 |   0.0
      Zig:6 |    4763 |       0 |   0.0 |       9 |       0 |   0.0
      Zig:7 |    8418 |       0 |   0.0 |      14 |       0 |   0.0
      Zig:8 |    8771 |       0 |   0.0 |      15 |       0 |   0.0
      Zig:9 |   10199 |       0 |   0.0 |      13 |       0 |   0.0
     Zig:10 |   15377 |       0 |   0.0 |      13 |       0 |   0.0
     Zig:11 |   13791 |       0 |   0.0 |      20 |       0 |   0.0
     Zig:12 |   18212 |       0 |   0.0 |      23 |       0 |   0.0
     Zig:13 |   23208 |    2030 |   8.0 |      34 |       4 |  10.5
     Zig:14 |   19056 |       0 |   0.0 |      46 |       0 |   0.0
     Zig:16 |   21052 |       0 |   0.0 |      23 |       0 |   0.0
    Ossuary |       0 |     453 | 100.0 |       0 |      38 | 100.0
 Desolation |       0 |   44032 | 100.0 |       0 |      90 | 100.0
            +---------+---------+-------+---------+---------+-------
